Workbook

Sheet Presupuesto
A2: Tu primer presupuesto con fórmulas
A4: Moneda | B4: EUR | D4: Mes | E4: 46296
H5: Sueldo
A6: Empieza por las entradas con fondo azul. Importes en la moneda elegida. | H6: =A18 -> Vivienda
H7: =A19 -> Alimentación
A8: Ingresos previstos | B8: =SUMIFS(Registro!E8:E507,Registro!B8:B507,"Ingreso",Registro!G8:G507,"Correcto") -> 0 | D8: Saldo inicial | H8: =A20 -> Transporte
A9: Gastos previstos | B9: =SUMIFS(Registro!E8:E507,Registro!B8:B507,"Gasto",Registro!G8:G507,"Correcto") -> 0 | H9: =A21 -> Otros
A10: Saldo previsto | B10: =B8-B9 -> 0 | D10: Caja tras movimientos | E10: =IF(ISNUMBER(E8),E8+B13,"n.a.") -> n.a. | H10: =A22 -> Suministros
A11: Ingresos registrados | B11: =SUMIFS(Registro!F8:F507,Registro!B8:B507,"Ingreso",Registro!G8:G507,"Correcto") -> 0 | H11: =A23 -> Ocio
A12: Gastos registrados | B12: =SUMIFS(Registro!F8:F507,Registro!B8:B507,"Gasto",Registro!G8:G507,"Correcto") -> 0 | D12: Fuera del periodo | E12: =COUNTIFS(Registro!G8:G507,"Fuera*") -> 0 | H12: =A24 -> Salud
A13: Saldo registrado | B13: =B11-B12 -> 0 | H13: =A25 -> Educación
A14: Filas que revisar | B14: =COUNTIFS(Registro!G8:G507,"REVISAR*")+COUNTIFS(Registro!H8:H507,"REVISAR*") -> 0
A17: Categoría editable | B17: Previsto | C17: Real | D17: Desviación
A18: Vivienda | B18: =IF(COUNTIFS(A$18:A$25,A18)=1,SUMIFS(Registro!E8:E507,Registro!C8:C507,A18,Registro!B8:B507,"Gasto",Registro!G8:G507,"Correcto"),0) -> 0 | C18: =IF(COUNTIFS(A$18:A$25,A18)=1,SUMIFS(Registro!F8:F507,Registro!C8:C507,A18,Registro!B8:B507,"Gasto",Registro!G8:G507,"Correcto"),0) -> 0 | D18: =C18-B18 -> 0
A19: Alimentación | B19: =IF(COUNTIFS(A$18:A$25,A19)=1,SUMIFS(Registro!E8:E507,Registro!C8:C507,A19,Registro!B8:B507,"Gasto",Registro!G8:G507,"Correcto"),0) -> 0 | C19: =IF(COUNTIFS(A$18:A$25,A19)=1,SUMIFS(Registro!F8:F507,Registro!C8:C507,A19,Registro!B8:B507,"Gasto",Registro!G8:G507,"Correcto"),0) -> 0 | D19: =C19-B19 -> 0
A20: Transporte | B20: =IF(COUNTIFS(A$18:A$25,A20)=1,SUMIFS(Registro!E8:E507,Registro!C8:C507,A20,Registro!B8:B507,"Gasto",Registro!G8:G507,"Correcto"),0) -> 0 | C20: =IF(COUNTIFS(A$18:A$25,A20)=1,SUMIFS(Registro!F8:F507,Registro!C8:C507,A20,Registro!B8:B507,"Gasto",Registro!G8:G507,"Correcto"),0) -> 0 | D20: =C20-B20 -> 0
A21: Otros | B21: =IF(COUNTIFS(A$18:A$25,A21)=1,SUMIFS(Registro!E8:E507,Registro!C8:C507,A21,Registro!B8:B507,"Gasto",Registro!G8:G507,"Correcto"),0) -> 0 | C21: =IF(COUNTIFS(A$18:A$25,A21)=1,SUMIFS(Registro!F8:F507,Registro!C8:C507,A21,Registro!B8:B507,"Gasto",Registro!G8:G507,"Correcto"),0) -> 0 | D21: =C21-B21 -> 0
A22: Suministros | B22: =IF(COUNTIFS(A$18:A$25,A22)=1,SUMIFS(Registro!E8:E507,Registro!C8:C507,A22,Registro!B8:B507,"Gasto",Registro!G8:G507,"Correcto"),0) -> 0 | C22: =IF(COUNTIFS(A$18:A$25,A22)=1,SUMIFS(Registro!F8:F507,Registro!C8:C507,A22,Registro!B8:B507,"Gasto",Registro!G8:G507,"Correcto"),0) -> 0 | D22: =C22-B22 -> 0
A23: Ocio | B23: =IF(COUNTIFS(A$18:A$25,A23)=1,SUMIFS(Registro!E8:E507,Registro!C8:C507,A23,Registro!B8:B507,"Gasto",Registro!G8:G507,"Correcto"),0) -> 0 | C23: =IF(COUNTIFS(A$18:A$25,A23)=1,SUMIFS(Registro!F8:F507,Registro!C8:C507,A23,Registro!B8:B507,"Gasto",Registro!G8:G507,"Correcto"),0) -> 0 | D23: =C23-B23 -> 0
A24: Salud | B24: =IF(COUNTIFS(A$18:A$25,A24)=1,SUMIFS(Registro!E8:E507,Registro!C8:C507,A24,Registro!B8:B507,"Gasto",Registro!G8:G507,"Correcto"),0) -> 0 | C24: =IF(COUNTIFS(A$18:A$25,A24)=1,SUMIFS(Registro!F8:F507,Registro!C8:C507,A24,Registro!B8:B507,"Gasto",Registro!G8:G507,"Correcto"),0) -> 0 | D24: =C24-B24 -> 0
A25: Educación | B25: =IF(COUNTIFS(A$18:A$25,A25)=1,SUMIFS(Registro!E8:E507,Registro!C8:C507,A25,Registro!B8:B507,"Gasto",Registro!G8:G507,"Correcto"),0) -> 0 | C25: =IF(COUNTIFS(A$18:A$25,A25)=1,SUMIFS(Registro!F8:F507,Registro!C8:C507,A25,Registro!B8:B507,"Gasto",Registro!G8:G507,"Correcto"),0) -> 0 | D25: =C25-B25 -> 0
A26: Sin clasificar / duplicado | B26: =B9-SUM(B18:B25) -> 0 | C26: =B12-SUM(C18:C25) -> 0 | D26: =C26-B26 -> 0

Sheet Registro
A2: Datos del ejercicio de presupuesto
A5: 500 filas editables. Para imprimir los movimientos, usa la hoja Imprimir y su selector de página.
A7: Fecha | B7: Tipo | C7: Categoría | D7: Concepto | E7: Previsto | F7: Real | G7: Control | H7: Clasificación | I7: Última fila usada
G8: =IF(COUNTA(A8:F8)=0,"",IF(OR(NOT(ISNUMBER(A8)),AND(B8<>"Ingreso",B8<>"Gasto"),C8="",D8="",AND(E8<>"",NOT(ISNUMBER(E8))),AND(F8<>"",NOT(ISNUMBER(F8)))),"REVISAR datos",IF(OR(A8<DATE(YEAR(Presupuesto!E4),MONTH(Presupuesto!E4),1),A8>=EDATE(DATE(YEAR(Presupuesto!E4),MONTH(Presupuesto!E4),1),1)),"Fuera de mes","Correcto"))) | H8: =IF(COUNTA(A8:F8)=0,"",IF(B8="Ingreso","Ingreso",IF(COUNTIFS(Presupuesto!A18:A25,C8)=1,"Clasificado","REVISAR categoría"))) | I8: =IF(COUNTA(A8:F8)>0,ROW(),0) -> 0
G9: =IF(COUNTA(A9:F9)=0,"",IF(OR(NOT(ISNUMBER(A9)),AND(B9<>"Ingreso",B9<>"Gasto"),C9="",D9="",AND(E9<>"",NOT(ISNUMBER(E9))),AND(F9<>"",NOT(ISNUMBER(F9)))),"REVISAR datos",IF(OR(A9<DATE(YEAR(Presupuesto!E4),MONTH(Presupuesto!E4),1),A9>=EDATE(DATE(YEAR(Presupuesto!E4),MONTH(Presupuesto!E4),1),1)),"Fuera de mes","Correcto"))) | H9: =IF(COUNTA(A9:F9)=0,"",IF(B9="Ingreso","Ingreso",IF(COUNTIFS(Presupuesto!A18:A25,C9)=1,"Clasificado","REVISAR categoría"))) | I9: =IF(COUNTA(A9:F9)>0,ROW(),0) -> 0
G10: =IF(COUNTA(A10:F10)=0,"",IF(OR(NOT(ISNUMBER(A10)),AND(B10<>"Ingreso",B10<>"Gasto"),C10="",D10="",AND(E10<>"",NOT(ISNUMBER(E10))),AND(F10<>"",NOT(ISNUMBER(F10)))),"REVISAR datos",IF(OR(A10<DATE(YEAR(Presupuesto!E4),MONTH(Presupuesto!E4),1),A10>=EDATE(DATE(YEAR(Presupuesto!E4),MONTH(Presupuesto!E4),1),1)),"Fuera de mes","Correcto"))) | H10: =IF(COUNTA(A10:F10)=0,"",IF(B10="Ingreso","Ingreso",IF(COUNTIFS(Presupuesto!A18:A25,C10)=1,"Clasificado","REVISAR categoría"))) | I10: =IF(COUNTA(A10:F10)>0,ROW(),0) -> 0
G11: =IF(COUNTA(A11:F11)=0,"",IF(OR(NOT(ISNUMBER(A11)),AND(B11<>"Ingreso",B11<>"Gasto"),C11="",D11="",AND(E11<>"",NOT(ISNUMBER(E11))),AND(F11<>"",NOT(ISNUMBER(F11)))),"REVISAR datos",IF(OR(A11<DATE(YEAR(Presupuesto!E4),MONTH(Presupuesto!E4),1),A11>=EDATE(DATE(YEAR(Presupuesto!E4),MONTH(Presupuesto!E4),1),1)),"Fuera de mes","Correcto"))) | H11: =IF(COUNTA(A11:F11)=0,"",IF(B11="Ingreso","Ingreso",IF(COUNTIFS(Presupuesto!A18:A25,C11)=1,"Clasificado","REVISAR categoría"))) | I11: =IF(COUNTA(A11:F11)>0,ROW(),0) -> 0
G12: =IF(COUNTA(A12:F12)=0,"",IF(OR(NOT(ISNUMBER(A12)),AND(B12<>"Ingreso",B12<>"Gasto"),C12="",D12="",AND(E12<>"",NOT(ISNUMBER(E12))),AND(F12<>"",NOT(ISNUMBER(F12)))),"REVISAR datos",IF(OR(A12<DATE(YEAR(Presupuesto!E4),MONTH(Presupuesto!E4),1),A12>=EDATE(DATE(YEAR(Presupuesto!E4),MONTH(Presupuesto!E4),1),1)),"Fuera de mes","Correcto"))) | H12: =IF(COUNTA(A12:F12)=0,"",IF(B12="Ingreso","Ingreso",IF(COUNTIFS(Presupuesto!A18:A25,C12)=1,"Clasificado","REVISAR categoría"))) | I12: =IF(COUNTA(A12:F12)>0,ROW(),0) -> 0
G13: =IF(COUNTA(A13:F13)=0,"",IF(OR(NOT(ISNUMBER(A13)),AND(B13<>"Ingreso",B13<>"Gasto"),C13="",D13="",AND(E13<>"",NOT(ISNUMBER(E13))),AND(F13<>"",NOT(ISNUMBER(F13)))),"REVISAR datos",IF(OR(A13<DATE(YEAR(Presupuesto!E4),MONTH(Presupuesto!E4),1),A13>=EDATE(DATE(YEAR(Presupuesto!E4),MONTH(Presupuesto!E4),1),1)),"Fuera de mes","Correcto"))) | H13: =IF(COUNTA(A13:F13)=0,"",IF(B13="Ingreso","Ingreso",IF(COUNTIFS(Presupuesto!A18:A25,C13)=1,"Clasificado","REVISAR categoría"))) | I13: =IF(COUNTA(A13:F13)>0,ROW(),0) -> 0
G14: =IF(COUNTA(A14:F14)=0,"",IF(OR(NOT(ISNUMBER(A14)),AND(B14<>"Ingreso",B14<>"Gasto"),C14="",D14="",AND(E14<>"",NOT(ISNUMBER(E14))),AND(F14<>"",NOT(ISNUMBER(F14)))),"REVISAR datos",IF(OR(A14<DATE(YEAR(Presupuesto!E4),MONTH(Presupuesto!E4),1),A14>=EDATE(DATE(YEAR(Presupuesto!E4),MONTH(Presupuesto!E4),1),1)),"Fuera de mes","Correcto"))) | H14: =IF(COUNTA(A14:F14)=0,"",IF(B14="Ingreso","Ingreso",IF(COUNTIFS(Presupuesto!A18:A25,C14)=1,"Clasificado","REVISAR categoría"))) | I14: =IF(COUNTA(A14:F14)>0,ROW(),0) -> 0
G15: =IF(COUNTA(A15:F15)=0,"",IF(OR(NOT(ISNUMBER(A15)),AND(B15<>"Ingreso",B15<>"Gasto"),C15="",D15="",AND(E15<>"",NOT(ISNUMBER(E15))),AND(F15<>"",NOT(ISNUMBER(F15)))),"REVISAR datos",IF(OR(A15<DATE(YEAR(Presupuesto!E4),MONTH(Presupuesto!E4),1),A15>=EDATE(DATE(YEAR(Presupuesto!E4),MONTH(Presupuesto!E4),1),1)),"Fuera de mes","Correcto"))) | H15: =IF(COUNTA(A15:F15)=0,"",IF(B15="Ingreso","Ingreso",IF(COUNTIFS(Presupuesto!A18:A25,C15)=1,"Clasificado","REVISAR categoría"))) | I15: =IF(COUNTA(A15:F15)>0,ROW(),0) -> 0
G16: =IF(COUNTA(A16:F16)=0,"",IF(OR(NOT(ISNUMBER(A16)),AND(B16<>"Ingreso",B16<>"Gasto"),C16="",D16="",AND(E16<>"",NOT(ISNUMBER(E16))),AND(F16<>"",NOT(ISNUMBER(F16)))),"REVISAR datos",IF(OR(A16<DATE(YEAR(Presupuesto!E4),MONTH(Presupuesto!E4),1),A16>=EDATE(DATE(YEAR(Presupuesto!E4),MONTH(Presupuesto!E4),1),1)),"Fuera de mes","Correcto"))) | H16: =IF(COUNTA(A16:F16)=0,"",IF(B16="Ingreso","Ingreso",IF(COUNTIFS(Presupuesto!A18:A25,C16)=1,"Clasificado","REVISAR categoría"))) | I16: =IF(COUNTA(A16:F16)>0,ROW(),0) -> 0
G17: =IF(COUNTA(A17:F17)=0,"",IF(OR(NOT(ISNUMBER(A17)),AND(B17<>"Ingreso",B17<>"Gasto"),C17="",D17="",AND(E17<>"",NOT(ISNUMBER(E17))),AND(F17<>"",NOT(ISNUMBER(F17)))),"REVISAR datos",IF(OR(A17<DATE(YEAR(Presupuesto!E4),MONTH(Presupuesto!E4),1),A17>=EDATE(DATE(YEAR(Presupuesto!E4),MONTH(Presupuesto!E4),1),1)),"Fuera de mes","Correcto"))) | H17: =IF(COUNTA(A17:F17)=0,"",IF(B17="Ingreso","Ingreso",IF(COUNTIFS(Presupuesto!A18:A25,C17)=1,"Clasificado","REVISAR categoría"))) | I17: =IF(COUNTA(A17:F17)>0,ROW(),0) -> 0
G18: =IF(COUNTA(A18:F18)=0,"",IF(OR(NOT(ISNUMBER(A18)),AND(B18<>"Ingreso",B18<>"Gasto"),C18="",D18="",AND(E18<>"",NOT(ISNUMBER(E18))),AND(F18<>"",NOT(ISNUMBER(F18)))),"REVISAR datos",IF(OR(A18<DATE(YEAR(Presupuesto!E4),MONTH(Presupuesto!E4),1),A18>=EDATE(DATE(YEAR(Presupuesto!E4),MONTH(Presupuesto!E4),1),1)),"Fuera de mes","Correcto"))) | H18: =IF(COUNTA(A18:F18)=0,"",IF(B18="Ingreso","Ingreso",IF(COUNTIFS(Presupuesto!A18:A25,C18)=1,"Clasificado","REVISAR categoría"))) | I18: =IF(COUNTA(A18:F18)>0,ROW(),0) -> 0
G19: =IF(COUNTA(A19:F19)=0,"",IF(OR(NOT(ISNUMBER(A19)),AND(B19<>"Ingreso",B19<>"Gasto"),C19="",D19="",AND(E19<>"",NOT(ISNUMBER(E19))),AND(F19<>"",NOT(ISNUMBER(F19)))),"REVISAR datos",IF(OR(A19<DATE(YEAR(Presupuesto!E4),MONTH(Presupuesto!E4),1),A19>=EDATE(DATE(YEAR(Presupuesto!E4),MONTH(Presupuesto!E4),1),1)),"Fuera de mes","Correcto"))) | H19: =IF(COUNTA(A19:F19)=0,"",IF(B19="Ingreso","Ingreso",IF(COUNTIFS(Presupuesto!A18:A25,C19)=1,"Clasificado","REVISAR categoría"))) | I19: =IF(COUNTA(A19:F19)>0,ROW(),0) -> 0
G20: =IF(COUNTA(A20:F20)=0,"",IF(OR(NOT(ISNUMBER(A20)),AND(B20<>"Ingreso",B20<>"Gasto"),C20="",D20="",AND(E20<>"",NOT(ISNUMBER(E20))),AND(F20<>"",NOT(ISNUMBER(F20)))),"REVISAR datos",IF(OR(A20<DATE(YEAR(Presupuesto!E4),MONTH(Presupuesto!E4),1),A20>=EDATE(DATE(YEAR(Presupuesto!E4),MONTH(Presupuesto!E4),1),1)),"Fuera de mes","Correcto"))) | H20: =IF(COUNTA(A20:F20)=0,"",IF(B20="Ingreso","Ingreso",IF(COUNTIFS(Presupuesto!A18:A25,C20)=1,"Clasificado","REVISAR categoría"))) | I20: =IF(COUNTA(A20:F20)>0,ROW(),0) -> 0
G21: =IF(COUNTA(A21:F21)=0,"",IF(OR(NOT(ISNUMBER(A21)),AND(B21<>"Ingreso",B21<>"Gasto"),C21="",D21="",AND(E21<>"",NOT(ISNUMBER(E21))),AND(F21<>"",NOT(ISNUMBER(F21)))),"REVISAR datos",IF(OR(A21<DATE(YEAR(Presupuesto!E4),MONTH(Presupuesto!E4),1),A21>=EDATE(DATE(YEAR(Presupuesto!E4),MONTH(Presupuesto!E4),1),1)),"Fuera de mes","Correcto"))) | H21: =IF(COUNTA(A21:F21)=0,"",IF(B21="Ingreso","Ingreso",IF(COUNTIFS(Presupuesto!A18:A25,C21)=1,"Clasificado","REVISAR categoría"))) | I21: =IF(COUNTA(A21:F21)>0,ROW(),0) -> 0
G22: =IF(COUNTA(A22:F22)=0,"",IF(OR(NOT(ISNUMBER(A22)),AND(B22<>"Ingreso",B22<>"Gasto"),C22="",D22="",AND(E22<>"",NOT(ISNUMBER(E22))),AND(F22<>"",NOT(ISNUMBER(F22)))),"REVISAR datos",IF(OR(A22<DATE(YEAR(Presupuesto!E4),MONTH(Presupuesto!E4),1),A22>=EDATE(DATE(YEAR(Presupuesto!E4),MONTH(Presupuesto!E4),1),1)),"Fuera de mes","Correcto"))) | H22: =IF(COUNTA(A22:F22)=0,"",IF(B22="Ingreso","Ingreso",IF(COUNTIFS(Presupuesto!A18:A25,C22)=1,"Clasificado","REVISAR categoría"))) | I22: =IF(COUNTA(A22:F22)>0,ROW(),0) -> 0
G23: =IF(COUNTA(A23:F23)=0,"",IF(OR(NOT(ISNUMBER(A23)),AND(B23<>"Ingreso",B23<>"Gasto"),C23="",D23="",AND(E23<>"",NOT(ISNUMBER(E23))),AND(F23<>"",NOT(ISNUMBER(F23)))),"REVISAR datos",IF(OR(A23<DATE(YEAR(Presupuesto!E4),MONTH(Presupuesto!E4),1),A23>=EDATE(DATE(YEAR(Presupuesto!E4),MONTH(Presupuesto!E4),1),1)),"Fuera de mes","Correcto"))) | H23: =IF(COUNTA(A23:F23)=0,"",IF(B23="Ingreso","Ingreso",IF(COUNTIFS(Presupuesto!A18:A25,C23)=1,"Clasificado","REVISAR categoría"))) | I23: =IF(COUNTA(A23:F23)>0,ROW(),0) -> 0
G24: =IF(COUNTA(A24:F24)=0,"",IF(OR(NOT(ISNUMBER(A24)),AND(B24<>"Ingreso",B24<>"Gasto"),C24="",D24="",AND(E24<>"",NOT(ISNUMBER(E24))),AND(F24<>"",NOT(ISNUMBER(F24)))),"REVISAR datos",IF(OR(A24<DATE(YEAR(Presupuesto!E4),MONTH(Presupuesto!E4),1),A24>=EDATE(DATE(YEAR(Presupuesto!E4),MONTH(Presupuesto!E4),1),1)),"Fuera de mes","Correcto"))) | H24: =IF(COUNTA(A24:F24)=0,"",IF(B24="Ingreso","Ingreso",IF(COUNTIFS(Presupuesto!A18:A25,C24)=1,"Clasificado","REVISAR categoría"))) | I24: =IF(COUNTA(A24:F24)>0,ROW(),0) -> 0
G25: =IF(COUNTA(A25:F25)=0,"",IF(OR(NOT(ISNUMBER(A25)),AND(B25<>"Ingreso",B25<>"Gasto"),C25="",D25="",AND(E25<>"",NOT(ISNUMBER(E25))),AND(F25<>"",NOT(ISNUMBER(F25)))),"REVISAR datos",IF(OR(A25<DATE(YEAR(Presupuesto!E4),MONTH(Presupuesto!E4),1),A25>=EDATE(DATE(YEAR(Presupuesto!E4),MONTH(Presupuesto!E4),1),1)),"Fuera de mes","Correcto"))) | H25: =IF(COUNTA(A25:F25)=0,"",IF(B25="Ingreso","Ingreso",IF(COUNTIFS(Presupuesto!A18:A25,C25)=1,"Clasificado","REVISAR categoría"))) | I25: =IF(COUNTA(A25:F25)>0,ROW(),0) -> 0
G26: =IF(COUNTA(A26:F26)=0,"",IF(OR(NOT(ISNUMBER(A26)),AND(B26<>"Ingreso",B26<>"Gasto"),C26="",D26="",AND(E26<>"",NOT(ISNUMBER(E26))),AND(F26<>"",NOT(ISNUMBER(F26)))),"REVISAR datos",IF(OR(A26<DATE(YEAR(Presupuesto!E4),MONTH(Presupuesto!E4),1),A26>=EDATE(DATE(YEAR(Presupuesto!E4),MONTH(Presupuesto!E4),1),1)),"Fuera de mes","Correcto"))) | H26: =IF(COUNTA(A26:F26)=0,"",IF(B26="Ingreso","Ingreso",IF(COUNTIFS(Presupuesto!A18:A25,C26)=1,"Clasificado","REVISAR categoría"))) | I26: =IF(COUNTA(A26:F26)>0,ROW(),0) -> 0
G27: =IF(COUNTA(A27:F27)=0,"",IF(OR(NOT(ISNUMBER(A27)),AND(B27<>"Ingreso",B27<>"Gasto"),C27="",D27="",AND(E27<>"",NOT(ISNUMBER(E27))),AND(F27<>"",NOT(ISNUMBER(F27)))),"REVISAR datos",IF(OR(A27<DATE(YEAR(Presupuesto!E4),MONTH(Presupuesto!E4),1),A27>=EDATE(DATE(YEAR(Presupuesto!E4),MONTH(Presupuesto!E4),1),1)),"Fuera de mes","Correcto"))) | H27: =IF(COUNTA(A27:F27)=0,"",IF(B27="Ingreso","Ingreso",IF(COUNTIFS(Presupuesto!A18:A25,C27)=1,"Clasificado","REVISAR categoría"))) | I27: =IF(COUNTA(A27:F27)>0,ROW(),0) -> 0
G28: =IF(COUNTA(A28:F28)=0,"",IF(OR(NOT(ISNUMBER(A28)),AND(B28<>"Ingreso",B28<>"Gasto"),C28="",D28="",AND(E28<>"",NOT(ISNUMBER(E28))),AND(F28<>"",NOT(ISNUMBER(F28)))),"REVISAR datos",IF(OR(A28<DATE(YEAR(Presupuesto!E4),MONTH(Presupuesto!E4),1),A28>=EDATE(DATE(YEAR(Presupuesto!E4),MONTH(Presupuesto!E4),1),1)),"Fuera de mes","Correcto"))) | H28: =IF(COUNTA(A28:F28)=0,"",IF(B28="Ingreso","Ingreso",IF(COUNTIFS(Presupuesto!A18:A25,C28)=1,"Clasificado","REVISAR categoría"))) | I28: =IF(COUNTA(A28:F28)>0,ROW(),0) -> 0
G29: =IF(COUNTA(A29:F29)=0,"",IF(OR(NOT(ISNUMBER(A29)),AND(B29<>"Ingreso",B29<>"Gasto"),C29="",D29="",AND(E29<>"",NOT(ISNUMBER(E29))),AND(F29<>"",NOT(ISNUMBER(F29)))),"REVISAR datos",IF(OR(A29<DATE(YEAR(Presupuesto!E4),MONTH(Presupuesto!E4),1),A29>=EDATE(DATE(YEAR(Presupuesto!E4),MONTH(Presupuesto!E4),1),1)),"Fuera de mes","Correcto"))) | H29: =IF(COUNTA(A29:F29)=0,"",IF(B29="Ingreso","Ingreso",IF(COUNTIFS(Presupuesto!A18:A25,C29)=1,"Clasificado","REVISAR categoría"))) | I29: =IF(COUNTA(A29:F29)>0,ROW(),0) -> 0
G30: =IF(COUNTA(A30:F30)=0,"",IF(OR(NOT(ISNUMBER(A30)),AND(B30<>"Ingreso",B30<>"Gasto"),C30="",D30="",AND(E30<>"",NOT(ISNUMBER(E30))),AND(F30<>"",NOT(ISNUMBER(F30)))),"REVISAR datos",IF(OR(A30<DATE(YEAR(Presupuesto!E4),MONTH(Presupuesto!E4),1),A30>=EDATE(DATE(YEAR(Presupuesto!E4),MONTH(Presupuesto!E4),1),1)),"Fuera de mes","Correcto"))) | H30: =IF(COUNTA(A30:F30)=0,"",IF(B30="Ingreso","Ingreso",IF(COUNTIFS(Presupuesto!A18:A25,C30)=1,"Clasificado","REVISAR categoría"))) | I30: =IF(COUNTA(A30:F30)>0,ROW(),0) -> 0
G31: =IF(COUNTA(A31:F31)=0,"",IF(OR(NOT(ISNUMBER(A31)),AND(B31<>"Ingreso",B31<>"Gasto"),C31="",D31="",AND(E31<>"",NOT(ISNUMBER(E31))),AND(F31<>"",NOT(ISNUMBER(F31)))),"REVISAR datos",IF(OR(A31<DATE(YEAR(Presupuesto!E4),MONTH(Presupuesto!E4),1),A31>=EDATE(DATE(YEAR(Presupuesto!E4),MONTH(Presupuesto!E4),1),1)),"Fuera de mes","Correcto"))) | H31: =IF(COUNTA(A31:F31)=0,"",IF(B31="Ingreso","Ingreso",IF(COUNTIFS(Presupuesto!A18:A25,C31)=1,"Clasificado","REVISAR categoría"))) | I31: =IF(COUNTA(A31:F31)>0,ROW(),0) -> 0
G32: =IF(COUNTA(A32:F32)=0,"",IF(OR(NOT(ISNUMBER(A32)),AND(B32<>"Ingreso",B32<>"Gasto"),C32="",D32="",AND(E32<>"",NOT(ISNUMBER(E32))),AND(F32<>"",NOT(ISNUMBER(F32)))),"REVISAR datos",IF(OR(A32<DATE(YEAR(Presupuesto!E4),MONTH(Presupuesto!E4),1),A32>=EDATE(DATE(YEAR(Presupuesto!E4),MONTH(Presupuesto!E4),1),1)),"Fuera de mes","Correcto"))) | H32: =IF(COUNTA(A32:F32)=0,"",IF(B32="Ingreso","Ingreso",IF(COUNTIFS(Presupuesto!A18:A25,C32)=1,"Clasificado","REVISAR categoría"))) | I32: =IF(COUNTA(A32:F32)>0,ROW(),0) -> 0
G33: =IF(COUNTA(A33:F33)=0,"",IF(OR(NOT(ISNUMBER(A33)),AND(B33<>"Ingreso",B33<>"Gasto"),C33="",D33="",AND(E33<>"",NOT(ISNUMBER(E33))),AND(F33<>"",NOT(ISNUMBER(F33)))),"REVISAR datos",IF(OR(A33<DATE(YEAR(Presupuesto!E4),MONTH(Presupuesto!E4),1),A33>=EDATE(DATE(YEAR(Presupuesto!E4),MONTH(Presupuesto!E4),1),1)),"Fuera de mes","Correcto"))) | H33: =IF(COUNTA(A33:F33)=0,"",IF(B33="Ingreso","Ingreso",IF(COUNTIFS(Presupuesto!A18:A25,C33)=1,"Clasificado","REVISAR categoría"))) | I33: =IF(COUNTA(A33:F33)>0,ROW(),0) -> 0
G34: =IF(COUNTA(A34:F34)=0,"",IF(OR(NOT(ISNUMBER(A34)),AND(B34<>"Ingreso",B34<>"Gasto"),C34="",D34="",AND(E34<>"",NOT(ISNUMBER(E34))),AND(F34<>"",NOT(ISNUMBER(F34)))),"REVISAR datos",IF(OR(A34<DATE(YEAR(Presupuesto!E4),MONTH(Presupuesto!E4),1),A34>=EDATE(DATE(YEAR(Presupuesto!E4),MONTH(Presupuesto!E4),1),1)),"Fuera de mes","Correcto"))) | H34: =IF(COUNTA(A34:F34)=0,"",IF(B34="Ingreso","Ingreso",IF(COUNTIFS(Presupuesto!A18:A25,C34)=1,"Clasificado","REVISAR categoría"))) | I34: =IF(COUNTA(A34:F34)>0,ROW(),0) -> 0
G35: =IF(COUNTA(A35:F35)=0,"",IF(OR(NOT(ISNUMBER(A35)),AND(B35<>"Ingreso",B35<>"Gasto"),C35="",D35="",AND(E35<>"",NOT(ISNUMBER(E35))),AND(F35<>"",NOT(ISNUMBER(F35)))),"REVISAR datos",IF(OR(A35<DATE(YEAR(Presupuesto!E4),MONTH(Presupuesto!E4),1),A35>=EDATE(DATE(YEAR(Presupuesto!E4),MONTH(Presupuesto!E4),1),1)),"Fuera de mes","Correcto"))) | H35: =IF(COUNTA(A35:F35)=0,"",IF(B35="Ingreso","Ingreso",IF(COUNTIFS(Presupuesto!A18:A25,C35)=1,"Clasificado","REVISAR categoría"))) | I35: =IF(COUNTA(A35:F35)>0,ROW(),0) -> 0
G36: =IF(COUNTA(A36:F36)=0,"",IF(OR(NOT(ISNUMBER(A36)),AND(B36<>"Ingreso",B36<>"Gasto"),C36="",D36="",AND(E36<>"",NOT(ISNUMBER(E36))),AND(F36<>"",NOT(ISNUMBER(F36)))),"REVISAR datos",IF(OR(A36<DATE(YEAR(Presupuesto!E4),MONTH(Presupuesto!E4),1),A36>=EDATE(DATE(YEAR(Presupuesto!E4),MONTH(Presupuesto!E4),1),1)),"Fuera de mes","Correcto"))) | H36: =IF(COUNTA(A36:F36)=0,"",IF(B36="Ingreso","Ingreso",IF(COUNTIFS(Presupuesto!A18:A25,C36)=1,"Clasificado","REVISAR categoría"))) | I36: =IF(COUNTA(A36:F36)>0,ROW(),0) -> 0
G37: =IF(COUNTA(A37:F37)=0,"",IF(OR(NOT(ISNUMBER(A37)),AND(B37<>"Ingreso",B37<>"Gasto"),C37="",D37="",AND(E37<>"",NOT(ISNUMBER(E37))),AND(F37<>"",NOT(ISNUMBER(F37)))),"REVISAR datos",IF(OR(A37<DATE(YEAR(Presupuesto!E4),MONTH(Presupuesto!E4),1),A37>=EDATE(DATE(YEAR(Presupuesto!E4),MONTH(Presupuesto!E4),1),1)),"Fuera de mes","Correcto"))) | H37: =IF(COUNTA(A37:F37)=0,"",IF(B37="Ingreso","Ingreso",IF(COUNTIFS(Presupuesto!A18:A25,C37)=1,"Clasificado","REVISAR categoría"))) | I37: =IF(COUNTA(A37:F37)>0,ROW(),0) -> 0
G38: =IF(COUNTA(A38:F38)=0,"",IF(OR(NOT(ISNUMBER(A38)),AND(B38<>"Ingreso",B38<>"Gasto"),C38="",D38="",AND(E38<>"",NOT(ISNUMBER(E38))),AND(F38<>"",NOT(ISNUMBER(F38)))),"REVISAR datos",IF(OR(A38<DATE(YEAR(Presupuesto!E4),MONTH(Presupuesto!E4),1),A38>=EDATE(DATE(YEAR(Presupuesto!E4),MONTH(Presupuesto!E4),1),1)),"Fuera de mes","Correcto"))) | H38: =IF(COUNTA(A38:F38)=0,"",IF(B38="Ingreso","Ingreso",IF(COUNTIFS(Presupuesto!A18:A25,C38)=1,"Clasificado","REVISAR categoría"))) | I38: =IF(COUNTA(A38:F38)>0,ROW(),0) -> 0
G39: =IF(COUNTA(A39:F39)=0,"",IF(OR(NOT(ISNUMBER(A39)),AND(B39<>"Ingreso",B39<>"Gasto"),C39="",D39="",AND(E39<>"",NOT(ISNUMBER(E39))),AND(F39<>"",NOT(ISNUMBER(F39)))),"REVISAR datos",IF(OR(A39<DATE(YEAR(Presupuesto!E4),MONTH(Presupuesto!E4),1),A39>=EDATE(DATE(YEAR(Presupuesto!E4),MONTH(Presupuesto!E4),1),1)),"Fuera de mes","Correcto"))) | H39: =IF(COUNTA(A39:F39)=0,"",IF(B39="Ingreso","Ingreso",IF(COUNTIFS(Presupuesto!A18:A25,C39)=1,"Clasificado","REVISAR categoría"))) | I39: =IF(COUNTA(A39:F39)>0,ROW(),0) -> 0
G40: =IF(COUNTA(A40:F40)=0,"",IF(OR(NOT(ISNUMBER(A40)),AND(B40<>"Ingreso",B40<>"Gasto"),C40="",D40="",AND(E40<>"",NOT(ISNUMBER(E40))),AND(F40<>"",NOT(ISNUMBER(F40)))),"REVISAR datos",IF(OR(A40<DATE(YEAR(Presupuesto!E4),MONTH(Presupuesto!E4),1),A40>=EDATE(DATE(YEAR(Presupuesto!E4),MONTH(Presupuesto!E4),1),1)),"Fuera de mes","Correcto"))) | H40: =IF(COUNTA(A40:F40)=0,"",IF(B40="Ingreso","Ingreso",IF(COUNTIFS(Presupuesto!A18:A25,C40)=1,"Clasificado","REVISAR categoría"))) | I40: =IF(COUNTA(A40:F40)>0,ROW(),0) -> 0
G41: =IF(COUNTA(A41:F41)=0,"",IF(OR(NOT(ISNUMBER(A41)),AND(B41<>"Ingreso",B41<>"Gasto"),C41="",D41="",AND(E41<>"",NOT(ISNUMBER(E41))),AND(F41<>"",NOT(ISNUMBER(F41)))),"REVISAR datos",IF(OR(A41<DATE(YEAR(Presupuesto!E4),MONTH(Presupuesto!E4),1),A41>=EDATE(DATE(YEAR(Presupuesto!E4),MONTH(Presupuesto!E4),1),1)),"Fuera de mes","Correcto"))) | H41: =IF(COUNTA(A41:F41)=0,"",IF(B41="Ingreso","Ingreso",IF(COUNTIFS(Presupuesto!A18:A25,C41)=1,"Clasificado","REVISAR categoría"))) | I41: =IF(COUNTA(A41:F41)>0,ROW(),0) -> 0
G42: =IF(COUNTA(A42:F42)=0,"",IF(OR(NOT(ISNUMBER(A42)),AND(B42<>"Ingreso",B42<>"Gasto"),C42="",D42="",AND(E42<>"",NOT(ISNUMBER(E42))),AND(F42<>"",NOT(ISNUMBER(F42)))),"REVISAR datos",IF(OR(A42<DATE(YEAR(Presupuesto!E4),MONTH(Presupuesto!E4),1),A42>=EDATE(DATE(YEAR(Presupuesto!E4),MONTH(Presupuesto!E4),1),1)),"Fuera de mes","Correcto"))) | H42: =IF(COUNTA(A42:F42)=0,"",IF(B42="Ingreso","Ingreso",IF(COUNTIFS(Presupuesto!A18:A25,C42)=1,"Clasificado","REVISAR categoría"))) | I42: =IF(COUNTA(A42:F42)>0,ROW(),0) -> 0
G43: =IF(COUNTA(A43:F43)=0,"",IF(OR(NOT(ISNUMBER(A43)),AND(B43<>"Ingreso",B43<>"Gasto"),C43="",D43="",AND(E43<>"",NOT(ISNUMBER(E43))),AND(F43<>"",NOT(ISNUMBER(F43)))),"REVISAR datos",IF(OR(A43<DATE(YEAR(Presupuesto!E4),MONTH(Presupuesto!E4),1),A43>=EDATE(DATE(YEAR(Presupuesto!E4),MONTH(Presupuesto!E4),1),1)),"Fuera de mes","Correcto"))) | H43: =IF(COUNTA(A43:F43)=0,"",IF(B43="Ingreso","Ingreso",IF(COUNTIFS(Presupuesto!A18:A25,C43)=1,"Clasificado","REVISAR categoría"))) | I43: =IF(COUNTA(A43:F43)>0,ROW(),0) -> 0
G44: =IF(COUNTA(A44:F44)=0,"",IF(OR(NOT(ISNUMBER(A44)),AND(B44<>"Ingreso",B44<>"Gasto"),C44="",D44="",AND(E44<>"",NOT(ISNUMBER(E44))),AND(F44<>"",NOT(ISNUMBER(F44)))),"REVISAR datos",IF(OR(A44<DATE(YEAR(Presupuesto!E4),MONTH(Presupuesto!E4),1),A44>=EDATE(DATE(YEAR(Presupuesto!E4),MONTH(Presupuesto!E4),1),1)),"Fuera de mes","Correcto"))) | H44: =IF(COUNTA(A44:F44)=0,"",IF(B44="Ingreso","Ingreso",IF(COUNTIFS(Presupuesto!A18:A25,C44)=1,"Clasificado","REVISAR categoría"))) | I44: =IF(COUNTA(A44:F44)>0,ROW(),0) -> 0
G45: =IF(COUNTA(A45:F45)=0,"",IF(OR(NOT(ISNUMBER(A45)),AND(B45<>"Ingreso",B45<>"Gasto"),C45="",D45="",AND(E45<>"",NOT(ISNUMBER(E45))),AND(F45<>"",NOT(ISNUMBER(F45)))),"REVISAR datos",IF(OR(A45<DATE(YEAR(Presupuesto!E4),MONTH(Presupuesto!E4),1),A45>=EDATE(DATE(YEAR(Presupuesto!E4),MONTH(Presupuesto!E4),1),1)),"Fuera de mes","Correcto"))) | H45: =IF(COUNTA(A45:F45)=0,"",IF(B45="Ingreso","Ingreso",IF(COUNTIFS(Presupuesto!A18:A25,C45)=1,"Clasificado","REVISAR categoría"))) | I45: =IF(COUNTA(A45:F45)>0,ROW(),0) -> 0
G46: =IF(COUNTA(A46:F46)=0,"",IF(OR(NOT(ISNUMBER(A46)),AND(B46<>"Ingreso",B46<>"Gasto"),C46="",D46="",AND(E46<>"",NOT(ISNUMBER(E46))),AND(F46<>"",NOT(ISNUMBER(F46)))),"REVISAR datos",IF(OR(A46<DATE(YEAR(Presupuesto!E4),MONTH(Presupuesto!E4),1),A46>=EDATE(DATE(YEAR(Presupuesto!E4),MONTH(Presupuesto!E4),1),1)),"Fuera de mes","Correcto"))) | H46: =IF(COUNTA(A46:F46)=0,"",IF(B46="Ingreso","Ingreso",IF(COUNTIFS(Presupuesto!A18:A25,C46)=1,"Clasificado","REVISAR categoría"))) | I46: =IF(COUNTA(A46:F46)>0,ROW(),0) -> 0
G47: =IF(COUNTA(A47:F47)=0,"",IF(OR(NOT(ISNUMBER(A47)),AND(B47<>"Ingreso",B47<>"Gasto"),C47="",D47="",AND(E47<>"",NOT(ISNUMBER(E47))),AND(F47<>"",NOT(ISNUMBER(F47)))),"REVISAR datos",IF(OR(A47<DATE(YEAR(Presupuesto!E4),MONTH(Presupuesto!E4),1),A47>=EDATE(DATE(YEAR(Presupuesto!E4),MONTH(Presupuesto!E4),1),1)),"Fuera de mes","Correcto"))) | H47: =IF(COUNTA(A47:F47)=0,"",IF(B47="Ingreso","Ingreso",IF(COUNTIFS(Presupuesto!A18:A25,C47)=1,"Clasificado","REVISAR categoría"))) | I47: =IF(COUNTA(A47:F47)>0,ROW(),0) -> 0
G48: =IF(COUNTA(A48:F48)=0,"",IF(OR(NOT(ISNUMBER(A48)),AND(B48<>"Ingreso",B48<>"Gasto"),C48="",D48="",AND(E48<>"",NOT(ISNUMBER(E48))),AND(F48<>"",NOT(ISNUMBER(F48)))),"REVISAR datos",IF(OR(A48<DATE(YEAR(Presupuesto!E4),MONTH(Presupuesto!E4),1),A48>=EDATE(DATE(YEAR(Presupuesto!E4),MONTH(Presupuesto!E4),1),1)),"Fuera de mes","Correcto"))) | H48: =IF(COUNTA(A48:F48)=0,"",IF(B48="Ingreso","Ingreso",IF(COUNTIFS(Presupuesto!A18:A25,C48)=1,"Clasificado","REVISAR categoría"))) | I48: =IF(COUNTA(A48:F48)>0,ROW(),0) -> 0
G49: =IF(COUNTA(A49:F49)=0,"",IF(OR(NOT(ISNUMBER(A49)),AND(B49<>"Ingreso",B49<>"Gasto"),C49="",D49="",AND(E49<>"",NOT(ISNUMBER(E49))),AND(F49<>"",NOT(ISNUMBER(F49)))),"REVISAR datos",IF(OR(A49<DATE(YEAR(Presupuesto!E4),MONTH(Presupuesto!E4),1),A49>=EDATE(DATE(YEAR(Presupuesto!E4),MONTH(Presupuesto!E4),1),1)),"Fuera de mes","Correcto"))) | H49: =IF(COUNTA(A49:F49)=0,"",IF(B49="Ingreso","Ingreso",IF(COUNTIFS(Presupuesto!A18:A25,C49)=1,"Clasificado","REVISAR categoría"))) | I49: =IF(COUNTA(A49:F49)>0,ROW(),0) -> 0
G50: =IF(COUNTA(A50:F50)=0,"",IF(OR(NOT(ISNUMBER(A50)),AND(B50<>"Ingreso",B50<>"Gasto"),C50="",D50="",AND(E50<>"",NOT(ISNUMBER(E50))),AND(F50<>"",NOT(ISNUMBER(F50)))),"REVISAR datos",IF(OR(A50<DATE(YEAR(Presupuesto!E4),MONTH(Presupuesto!E4),1),A50>=EDATE(DATE(YEAR(Presupuesto!E4),MONTH(Presupuesto!E4),1),1)),"Fuera de mes","Correcto"))) | H50: =IF(COUNTA(A50:F50)=0,"",IF(B50="Ingreso","Ingreso",IF(COUNTIFS(Presupuesto!A18:A25,C50)=1,"Clasificado","REVISAR categoría"))) | I50: =IF(COUNTA(A50:F50)>0,ROW(),0) -> 0
G51: =IF(COUNTA(A51:F51)=0,"",IF(OR(NOT(ISNUMBER(A51)),AND(B51<>"Ingreso",B51<>"Gasto"),C51="",D51="",AND(E51<>"",NOT(ISNUMBER(E51))),AND(F51<>"",NOT(ISNUMBER(F51)))),"REVISAR datos",IF(OR(A51<DATE(YEAR(Presupuesto!E4),MONTH(Presupuesto!E4),1),A51>=EDATE(DATE(YEAR(Presupuesto!E4),MONTH(Presupuesto!E4),1),1)),"Fuera de mes","Correcto"))) | H51: =IF(COUNTA(A51:F51)=0,"",IF(B51="Ingreso","Ingreso",IF(COUNTIFS(Presupuesto!A18:A25,C51)=1,"Clasificado","REVISAR categoría"))) | I51: =IF(COUNTA(A51:F51)>0,ROW(),0) -> 0
G52: =IF(COUNTA(A52:F52)=0,"",IF(OR(NOT(ISNUMBER(A52)),AND(B52<>"Ingreso",B52<>"Gasto"),C52="",D52="",AND(E52<>"",NOT(ISNUMBER(E52))),AND(F52<>"",NOT(ISNUMBER(F52)))),"REVISAR datos",IF(OR(A52<DATE(YEAR(Presupuesto!E4),MONTH(Presupuesto!E4),1),A52>=EDATE(DATE(YEAR(Presupuesto!E4),MONTH(Presupuesto!E4),1),1)),"Fuera de mes","Correcto"))) | H52: =IF(COUNTA(A52:F52)=0,"",IF(B52="Ingreso","Ingreso",IF(COUNTIFS(Presupuesto!A18:A25,C52)=1,"Clasificado","REVISAR categoría"))) | I52: =IF(COUNTA(A52:F52)>0,ROW(),0) -> 0
G53: =IF(COUNTA(A53:F53)=0,"",IF(OR(NOT(ISNUMBER(A53)),AND(B53<>"Ingreso",B53<>"Gasto"),C53="",D53="",AND(E53<>"",NOT(ISNUMBER(E53))),AND(F53<>"",NOT(ISNUMBER(F53)))),"REVISAR datos",IF(OR(A53<DATE(YEAR(Presupuesto!E4),MONTH(Presupuesto!E4),1),A53>=EDATE(DATE(YEAR(Presupuesto!E4),MONTH(Presupuesto!E4),1),1)),"Fuera de mes","Correcto"))) | H53: =IF(COUNTA(A53:F53)=0,"",IF(B53="Ingreso","Ingreso",IF(COUNTIFS(Presupuesto!A18:A25,C53)=1,"Clasificado","REVISAR categoría"))) | I53: =IF(COUNTA(A53:F53)>0,ROW(),0) -> 0
G54: =IF(COUNTA(A54:F54)=0,"",IF(OR(NOT(ISNUMBER(A54)),AND(B54<>"Ingreso",B54<>"Gasto"),C54="",D54="",AND(E54<>"",NOT(ISNUMBER(E54))),AND(F54<>"",NOT(ISNUMBER(F54)))),"REVISAR datos",IF(OR(A54<DATE(YEAR(Presupuesto!E4),MONTH(Presupuesto!E4),1),A54>=EDATE(DATE(YEAR(Presupuesto!E4),MONTH(Presupuesto!E4),1),1)),"Fuera de mes","Correcto"))) | H54: =IF(COUNTA(A54:F54)=0,"",IF(B54="Ingreso","Ingreso",IF(COUNTIFS(Presupuesto!A18:A25,C54)=1,"Clasificado","REVISAR categoría"))) | I54: =IF(COUNTA(A54:F54)>0,ROW(),0) -> 0
G55: =IF(COUNTA(A55:F55)=0,"",IF(OR(NOT(ISNUMBER(A55)),AND(B55<>"Ingreso",B55<>"Gasto"),C55="",D55="",AND(E55<>"",NOT(ISNUMBER(E55))),AND(F55<>"",NOT(ISNUMBER(F55)))),"REVISAR datos",IF(OR(A55<DATE(YEAR(Presupuesto!E4),MONTH(Presupuesto!E4),1),A55>=EDATE(DATE(YEAR(Presupuesto!E4),MONTH(Presupuesto!E4),1),1)),"Fuera de mes","Correcto"))) | H55: =IF(COUNTA(A55:F55)=0,"",IF(B55="Ingreso","Ingreso",IF(COUNTIFS(Presupuesto!A18:A25,C55)=1,"Clasificado","REVISAR categoría"))) | I55: =IF(COUNTA(A55:F55)>0,ROW(),0) -> 0
G56: =IF(COUNTA(A56:F56)=0,"",IF(OR(NOT(ISNUMBER(A56)),AND(B56<>"Ingreso",B56<>"Gasto"),C56="",D56="",AND(E56<>"",NOT(ISNUMBER(E56))),AND(F56<>"",NOT(ISNUMBER(F56)))),"REVISAR datos",IF(OR(A56<DATE(YEAR(Presupuesto!E4),MONTH(Presupuesto!E4),1),A56>=EDATE(DATE(YEAR(Presupuesto!E4),MONTH(Presupuesto!E4),1),1)),"Fuera de mes","Correcto"))) | H56: =IF(COUNTA(A56:F56)=0,"",IF(B56="Ingreso","Ingreso",IF(COUNTIFS(Presupuesto!A18:A25,C56)=1,"Clasificado","REVISAR categoría"))) | I56: =IF(COUNTA(A56:F56)>0,ROW(),0) -> 0
G57: =IF(COUNTA(A57:F57)=0,"",IF(OR(NOT(ISNUMBER(A57)),AND(B57<>"Ingreso",B57<>"Gasto"),C57="",D57="",AND(E57<>"",NOT(ISNUMBER(E57))),AND(F57<>"",NOT(ISNUMBER(F57)))),"REVISAR datos",IF(OR(A57<DATE(YEAR(Presupuesto!E4),MONTH(Presupuesto!E4),1),A57>=EDATE(DATE(YEAR(Presupuesto!E4),MONTH(Presupuesto!E4),1),1)),"Fuera de mes","Correcto"))) | H57: =IF(COUNTA(A57:F57)=0,"",IF(B57="Ingreso","Ingreso",IF(COUNTIFS(Presupuesto!A18:A25,C57)=1,"Clasificado","REVISAR categoría"))) | I57: =IF(COUNTA(A57:F57)>0,ROW(),0) -> 0
G58: =IF(COUNTA(A58:F58)=0,"",IF(OR(NOT(ISNUMBER(A58)),AND(B58<>"Ingreso",B58<>"Gasto"),C58="",D58="",AND(E58<>"",NOT(ISNUMBER(E58))),AND(F58<>"",NOT(ISNUMBER(F58)))),"REVISAR datos",IF(OR(A58<DATE(YEAR(Presupuesto!E4),MONTH(Presupuesto!E4),1),A58>=EDATE(DATE(YEAR(Presupuesto!E4),MONTH(Presupuesto!E4),1),1)),"Fuera de mes","Correcto"))) | H58: =IF(COUNTA(A58:F58)=0,"",IF(B58="Ingreso","Ingreso",IF(COUNTIFS(Presupuesto!A18:A25,C58)=1,"Clasificado","REVISAR categoría"))) | I58: =IF(COUNTA(A58:F58)>0,ROW(),0) -> 0
G59: =IF(COUNTA(A59:F59)=0,"",IF(OR(NOT(ISNUMBER(A59)),AND(B59<>"Ingreso",B59<>"Gasto"),C59="",D59="",AND(E59<>"",NOT(ISNUMBER(E59))),AND(F59<>"",NOT(ISNUMBER(F59)))),"REVISAR datos",IF(OR(A59<DATE(YEAR(Presupuesto!E4),MONTH(Presupuesto!E4),1),A59>=EDATE(DATE(YEAR(Presupuesto!E4),MONTH(Presupuesto!E4),1),1)),"Fuera de mes","Correcto"))) | H59: =IF(COUNTA(A59:F59)=0,"",IF(B59="Ingreso","Ingreso",IF(COUNTIFS(Presupuesto!A18:A25,C59)=1,"Clasificado","REVISAR categoría"))) | I59: =IF(COUNTA(A59:F59)>0,ROW(),0) -> 0
G60: =IF(COUNTA(A60:F60)=0,"",IF(OR(NOT(ISNUMBER(A60)),AND(B60<>"Ingreso",B60<>"Gasto"),C60="",D60="",AND(E60<>"",NOT(ISNUMBER(E60))),AND(F60<>"",NOT(ISNUMBER(F60)))),"REVISAR datos",IF(OR(A60<DATE(YEAR(Presupuesto!E4),MONTH(Presupuesto!E4),1),A60>=EDATE(DATE(YEAR(Presupuesto!E4),MONTH(Presupuesto!E4),1),1)),"Fuera de mes","Correcto"))) | H60: =IF(COUNTA(A60:F60)=0,"",IF(B60="Ingreso","Ingreso",IF(COUNTIFS(Presupuesto!A18:A25,C60)=1,"Clasificado","REVISAR categoría"))) | I60: =IF(COUNTA(A60:F60)>0,ROW(),0) -> 0
G61: =IF(COUNTA(A61:F61)=0,"",IF(OR(NOT(ISNUMBER(A61)),AND(B61<>"Ingreso",B61<>"Gasto"),C61="",D61="",AND(E61<>"",NOT(ISNUMBER(E61))),AND(F61<>"",NOT(ISNUMBER(F61)))),"REVISAR datos",IF(OR(A61<DATE(YEAR(Presupuesto!E4),MONTH(Presupuesto!E4),1),A61>=EDATE(DATE(YEAR(Presupuesto!E4),MONTH(Presupuesto!E4),1),1)),"Fuera de mes","Correcto"))) | H61: =IF(COUNTA(A61:F61)=0,"",IF(B61="Ingreso","Ingreso",IF(COUNTIFS(Presupuesto!A18:A25,C61)=1,"Clasificado","REVISAR categoría"))) | I61: =IF(COUNTA(A61:F61)>0,ROW(),0) -> 0
G62: =IF(COUNTA(A62:F62)=0,"",IF(OR(NOT(ISNUMBER(A62)),AND(B62<>"Ingreso",B62<>"Gasto"),C62="",D62="",AND(E62<>"",NOT(ISNUMBER(E62))),AND(F62<>"",NOT(ISNUMBER(F62)))),"REVISAR datos",IF(OR(A62<DATE(YEAR(Presupuesto!E4),MONTH(Presupuesto!E4),1),A62>=EDATE(DATE(YEAR(Presupuesto!E4),MONTH(Presupuesto!E4),1),1)),"Fuera de mes","Correcto"))) | H62: =IF(COUNTA(A62:F62)=0,"",IF(B62="Ingreso","Ingreso",IF(COUNTIFS(Presupuesto!A18:A25,C62)=1,"Clasificado","REVISAR categoría"))) | I62: =IF(COUNTA(A62:F62)>0,ROW(),0) -> 0
G63: =IF(COUNTA(A63:F63)=0,"",IF(OR(NOT(ISNUMBER(A63)),AND(B63<>"Ingreso",B63<>"Gasto"),C63="",D63="",AND(E63<>"",NOT(ISNUMBER(E63))),AND(F63<>"",NOT(ISNUMBER(F63)))),"REVISAR datos",IF(OR(A63<DATE(YEAR(Presupuesto!E4),MONTH(Presupuesto!E4),1),A63>=EDATE(DATE(YEAR(Presupuesto!E4),MONTH(Presupuesto!E4),1),1)),"Fuera de mes","Correcto"))) | H63: =IF(COUNTA(A63:F63)=0,"",IF(B63="Ingreso","Ingreso",IF(COUNTIFS(Presupuesto!A18:A25,C63)=1,"Clasificado","REVISAR categoría"))) | I63: =IF(COUNTA(A63:F63)>0,ROW(),0) -> 0
G64: =IF(COUNTA(A64:F64)=0,"",IF(OR(NOT(ISNUMBER(A64)),AND(B64<>"Ingreso",B64<>"Gasto"),C64="",D64="",AND(E64<>"",NOT(ISNUMBER(E64))),AND(F64<>"",NOT(ISNUMBER(F64)))),"REVISAR datos",IF(OR(A64<DATE(YEAR(Presupuesto!E4),MONTH(Presupuesto!E4),1),A64>=EDATE(DATE(YEAR(Presupuesto!E4),MONTH(Presupuesto!E4),1),1)),"Fuera de mes","Correcto"))) | H64: =IF(COUNTA(A64:F64)=0,"",IF(B64="Ingreso","Ingreso",IF(COUNTIFS(Presupuesto!A18:A25,C64)=1,"Clasificado","REVISAR categoría"))) | I64: =IF(COUNTA(A64:F64)>0,ROW(),0) -> 0
G65: =IF(COUNTA(A65:F65)=0,"",IF(OR(NOT(ISNUMBER(A65)),AND(B65<>"Ingreso",B65<>"Gasto"),C65="",D65="",AND(E65<>"",NOT(ISNUMBER(E65))),AND(F65<>"",NOT(ISNUMBER(F65)))),"REVISAR datos",IF(OR(A65<DATE(YEAR(Presupuesto!E4),MONTH(Presupuesto!E4),1),A65>=EDATE(DATE(YEAR(Presupuesto!E4),MONTH(Presupuesto!E4),1),1)),"Fuera de mes","Correcto"))) | H65: =IF(COUNTA(A65:F65)=0,"",IF(B65="Ingreso","Ingreso",IF(COUNTIFS(Presupuesto!A18:A25,C65)=1,"Clasificado","REVISAR categoría"))) | I65: =IF(COUNTA(A65:F65)>0,ROW(),0) -> 0
G66: =IF(COUNTA(A66:F66)=0,"",IF(OR(NOT(ISNUMBER(A66)),AND(B66<>"Ingreso",B66<>"Gasto"),C66="",D66="",AND(E66<>"",NOT(ISNUMBER(E66))),AND(F66<>"",NOT(ISNUMBER(F66)))),"REVISAR datos",IF(OR(A66<DATE(YEAR(Presupuesto!E4),MONTH(Presupuesto!E4),1),A66>=EDATE(DATE(YEAR(Presupuesto!E4),MONTH(Presupuesto!E4),1),1)),"Fuera de mes","Correcto"))) | H66: =IF(COUNTA(A66:F66)=0,"",IF(B66="Ingreso","Ingreso",IF(COUNTIFS(Presupuesto!A18:A25,C66)=1,"Clasificado","REVISAR categoría"))) | I66: =IF(COUNTA(A66:F66)>0,ROW(),0) -> 0
G67: =IF(COUNTA(A67:F67)=0,"",IF(OR(NOT(ISNUMBER(A67)),AND(B67<>"Ingreso",B67<>"Gasto"),C67="",D67="",AND(E67<>"",NOT(ISNUMBER(E67))),AND(F67<>"",NOT(ISNUMBER(F67)))),"REVISAR datos",IF(OR(A67<DATE(YEAR(Presupuesto!E4),MONTH(Presupuesto!E4),1),A67>=EDATE(DATE(YEAR(Presupuesto!E4),MONTH(Presupuesto!E4),1),1)),"Fuera de mes","Correcto"))) | H67: =IF(COUNTA(A67:F67)=0,"",IF(B67="Ingreso","Ingreso",IF(COUNTIFS(Presupuesto!A18:A25,C67)=1,"Clasificado","REVISAR categoría"))) | I67: =IF(COUNTA(A67:F67)>0,ROW(),0) -> 0
G68: =IF(COUNTA(A68:F68)=0,"",IF(OR(NOT(ISNUMBER(A68)),AND(B68<>"Ingreso",B68<>"Gasto"),C68="",D68="",AND(E68<>"",NOT(ISNUMBER(E68))),AND(F68<>"",NOT(ISNUMBER(F68)))),"REVISAR datos",IF(OR(A68<DATE(YEAR(Presupuesto!E4),MONTH(Presupuesto!E4),1),A68>=EDATE(DATE(YEAR(Presupuesto!E4),MONTH(Presupuesto!E4),1),1)),"Fuera de mes","Correcto"))) | H68: =IF(COUNTA(A68:F68)=0,"",IF(B68="Ingreso","Ingreso",IF(COUNTIFS(Presupuesto!A18:A25,C68)=1,"Clasificado","REVISAR categoría"))) | I68: =IF(COUNTA(A68:F68)>0,ROW(),0) -> 0
G69: =IF(COUNTA(A69:F69)=0,"",IF(OR(NOT(ISNUMBER(A69)),AND(B69<>"Ingreso",B69<>"Gasto"),C69="",D69="",AND(E69<>"",NOT(ISNUMBER(E69))),AND(F69<>"",NOT(ISNUMBER(F69)))),"REVISAR datos",IF(OR(A69<DATE(YEAR(Presupuesto!E4),MONTH(Presupuesto!E4),1),A69>=EDATE(DATE(YEAR(Presupuesto!E4),MONTH(Presupuesto!E4),1),1)),"Fuera de mes","Correcto"))) | H69: =IF(COUNTA(A69:F69)=0,"",IF(B69="Ingreso","Ingreso",IF(COUNTIFS(Presupuesto!A18:A25,C69)=1,"Clasificado","REVISAR categoría"))) | I69: =IF(COUNTA(A69:F69)>0,ROW(),0) -> 0
G70: =IF(COUNTA(A70:F70)=0,"",IF(OR(NOT(ISNUMBER(A70)),AND(B70<>"Ingreso",B70<>"Gasto"),C70="",D70="",AND(E70<>"",NOT(ISNUMBER(E70))),AND(F70<>"",NOT(ISNUMBER(F70)))),"REVISAR datos",IF(OR(A70<DATE(YEAR(Presupuesto!E4),MONTH(Presupuesto!E4),1),A70>=EDATE(DATE(YEAR(Presupuesto!E4),MONTH(Presupuesto!E4),1),1)),"Fuera de mes","Correcto"))) | H70: =IF(COUNTA(A70:F70)=0,"",IF(B70="Ingreso","Ingreso",IF(COUNTIFS(Presupuesto!A18:A25,C70)=1,"Clasificado","REVISAR categoría"))) | I70: =IF(COUNTA(A70:F70)>0,ROW(),0) -> 0
G71: =IF(COUNTA(A71:F71)=0,"",IF(OR(NOT(ISNUMBER(A71)),AND(B71<>"Ingreso",B71<>"Gasto"),C71="",D71="",AND(E71<>"",NOT(ISNUMBER(E71))),AND(F71<>"",NOT(ISNUMBER(F71)))),"REVISAR datos",IF(OR(A71<DATE(YEAR(Presupuesto!E4),MONTH(Presupuesto!E4),1),A71>=EDATE(DATE(YEAR(Presupuesto!E4),MONTH(Presupuesto!E4),1),1)),"Fuera de mes","Correcto"))) | H71: =IF(COUNTA(A71:F71)=0,"",IF(B71="Ingreso","Ingreso",IF(COUNTIFS(Presupuesto!A18:A25,C71)=1,"Clasificado","REVISAR categoría"))) | I71: =IF(COUNTA(A71:F71)>0,ROW(),0) -> 0
G72: =IF(COUNTA(A72:F72)=0,"",IF(OR(NOT(ISNUMBER(A72)),AND(B72<>"Ingreso",B72<>"Gasto"),C72="",D72="",AND(E72<>"",NOT(ISNUMBER(E72))),AND(F72<>"",NOT(ISNUMBER(F72)))),"REVISAR datos",IF(OR(A72<DATE(YEAR(Presupuesto!E4),MONTH(Presupuesto!E4),1),A72>=EDATE(DATE(YEAR(Presupuesto!E4),MONTH(Presupuesto!E4),1),1)),"Fuera de mes","Correcto"))) | H72: =IF(COUNTA(A72:F72)=0,"",IF(B72="Ingreso","Ingreso",IF(COUNTIFS(Presupuesto!A18:A25,C72)=1,"Clasificado","REVISAR categoría"))) | I72: =IF(COUNTA(A72:F72)>0,ROW(),0) -> 0
G73: =IF(COUNTA(A73:F73)=0,"",IF(OR(NOT(ISNUMBER(A73)),AND(B73<>"Ingreso",B73<>"Gasto"),C73="",D73="",AND(E73<>"",NOT(ISNUMBER(E73))),AND(F73<>"",NOT(ISNUMBER(F73)))),"REVISAR datos",IF(OR(A73<DATE(YEAR(Presupuesto!E4),MONTH(Presupuesto!E4),1),A73>=EDATE(DATE(YEAR(Presupuesto!E4),MONTH(Presupuesto!E4),1),1)),"Fuera de mes","Correcto"))) | H73: =IF(COUNTA(A73:F73)=0,"",IF(B73="Ingreso","Ingreso",IF(COUNTIFS(Presupuesto!A18:A25,C73)=1,"Clasificado","REVISAR categoría"))) | I73: =IF(COUNTA(A73:F73)>0,ROW(),0) -> 0
G74: =IF(COUNTA(A74:F74)=0,"",IF(OR(NOT(ISNUMBER(A74)),AND(B74<>"Ingreso",B74<>"Gasto"),C74="",D74="",AND(E74<>"",NOT(ISNUMBER(E74))),AND(F74<>"",NOT(ISNUMBER(F74)))),"REVISAR datos",IF(OR(A74<DATE(YEAR(Presupuesto!E4),MONTH(Presupuesto!E4),1),A74>=EDATE(DATE(YEAR(Presupuesto!E4),MONTH(Presupuesto!E4),1),1)),"Fuera de mes","Correcto"))) | H74: =IF(COUNTA(A74:F74)=0,"",IF(B74="Ingreso","Ingreso",IF(COUNTIFS(Presupuesto!A18:A25,C74)=1,"Clasificado","REVISAR categoría"))) | I74: =IF(COUNTA(A74:F74)>0,ROW(),0) -> 0
G75: =IF(COUNTA(A75:F75)=0,"",IF(OR(NOT(ISNUMBER(A75)),AND(B75<>"Ingreso",B75<>"Gasto"),C75="",D75="",AND(E75<>"",NOT(ISNUMBER(E75))),AND(F75<>"",NOT(ISNUMBER(F75)))),"REVISAR datos",IF(OR(A75<DATE(YEAR(Presupuesto!E4),MONTH(Presupuesto!E4),1),A75>=EDATE(DATE(YEAR(Presupuesto!E4),MONTH(Presupuesto!E4),1),1)),"Fuera de mes","Correcto"))) | H75: =IF(COUNTA(A75:F75)=0,"",IF(B75="Ingreso","Ingreso",IF(COUNTIFS(Presupuesto!A18:A25,C75)=1,"Clasificado","REVISAR categoría"))) | I75: =IF(COUNTA(A75:F75)>0,ROW(),0) -> 0
G76: =IF(COUNTA(A76:F76)=0,"",IF(OR(NOT(ISNUMBER(A76)),AND(B76<>"Ingreso",B76<>"Gasto"),C76="",D76="",AND(E76<>"",NOT(ISNUMBER(E76))),AND(F76<>"",NOT(ISNUMBER(F76)))),"REVISAR datos",IF(OR(A76<DATE(YEAR(Presupuesto!E4),MONTH(Presupuesto!E4),1),A76>=EDATE(DATE(YEAR(Presupuesto!E4),MONTH(Presupuesto!E4),1),1)),"Fuera de mes","Correcto"))) | H76: =IF(COUNTA(A76:F76)=0,"",IF(B76="Ingreso","Ingreso",IF(COUNTIFS(Presupuesto!A18:A25,C76)=1,"Clasificado","REVISAR categoría"))) | I76: =IF(COUNTA(A76:F76)>0,ROW(),0) -> 0
G77: =IF(COUNTA(A77:F77)=0,"",IF(OR(NOT(ISNUMBER(A77)),AND(B77<>"Ingreso",B77<>"Gasto"),C77="",D77="",AND(E77<>"",NOT(ISNUMBER(E77))),AND(F77<>"",NOT(ISNUMBER(F77)))),"REVISAR datos",IF(OR(A77<DATE(YEAR(Presupuesto!E4),MONTH(Presupuesto!E4),1),A77>=EDATE(DATE(YEAR(Presupuesto!E4),MONTH(Presupuesto!E4),1),1)),"Fuera de mes","Correcto"))) | H77: =IF(COUNTA(A77:F77)=0,"",IF(B77="Ingreso","Ingreso",IF(COUNTIFS(Presupuesto!A18:A25,C77)=1,"Clasificado","REVISAR categoría"))) | I77: =IF(COUNTA(A77:F77)>0,ROW(),0) -> 0
G78: =IF(COUNTA(A78:F78)=0,"",IF(OR(NOT(ISNUMBER(A78)),AND(B78<>"Ingreso",B78<>"Gasto"),C78="",D78="",AND(E78<>"",NOT(ISNUMBER(E78))),AND(F78<>"",NOT(ISNUMBER(F78)))),"REVISAR datos",IF(OR(A78<DATE(YEAR(Presupuesto!E4),MONTH(Presupuesto!E4),1),A78>=EDATE(DATE(YEAR(Presupuesto!E4),MONTH(Presupuesto!E4),1),1)),"Fuera de mes","Correcto"))) | H78: =IF(COUNTA(A78:F78)=0,"",IF(B78="Ingreso","Ingreso",IF(COUNTIFS(Presupuesto!A18:A25,C78)=1,"Clasificado","REVISAR categoría"))) | I78: =IF(COUNTA(A78:F78)>0,ROW(),0) -> 0
G79: =IF(COUNTA(A79:F79)=0,"",IF(OR(NOT(ISNUMBER(A79)),AND(B79<>"Ingreso",B79<>"Gasto"),C79="",D79="",AND(E79<>"",NOT(ISNUMBER(E79))),AND(F79<>"",NOT(ISNUMBER(F79)))),"REVISAR datos",IF(OR(A79<DATE(YEAR(Presupuesto!E4),MONTH(Presupuesto!E4),1),A79>=EDATE(DATE(YEAR(Presupuesto!E4),MONTH(Presupuesto!E4),1),1)),"Fuera de mes","Correcto"))) | H79: =IF(COUNTA(A79:F79)=0,"",IF(B79="Ingreso","Ingreso",IF(COUNTIFS(Presupuesto!A18:A25,C79)=1,"Clasificado","REVISAR categoría"))) | I79: =IF(COUNTA(A79:F79)>0,ROW(),0) -> 0
G80: =IF(COUNTA(A80:F80)=0,"",IF(OR(NOT(ISNUMBER(A80)),AND(B80<>"Ingreso",B80<>"Gasto"),C80="",D80="",AND(E80<>"",NOT(ISNUMBER(E80))),AND(F80<>"",NOT(ISNUMBER(F80)))),"REVISAR datos",IF(OR(A80<DATE(YEAR(Presupuesto!E4),MONTH(Presupuesto!E4),1),A80>=EDATE(DATE(YEAR(Presupuesto!E4),MONTH(Presupuesto!E4),1),1)),"Fuera de mes","Correcto"))) | H80: =IF(COUNTA(A80:F80)=0,"",IF(B80="Ingreso","Ingreso",IF(COUNTIFS(Presupuesto!A18:A25,C80)=1,"Clasificado","REVISAR categoría"))) | I80: =IF(COUNTA(A80:F80)>0,ROW(),0) -> 0
G81: =IF(COUNTA(A81:F81)=0,"",IF(OR(NOT(ISNUMBER(A81)),AND(B81<>"Ingreso",B81<>"Gasto"),C81="",D81="",AND(E81<>"",NOT(ISNUMBER(E81))),AND(F81<>"",NOT(ISNUMBER(F81)))),"REVISAR datos",IF(OR(A81<DATE(YEAR(Presupuesto!E4),MONTH(Presupuesto!E4),1),A81>=EDATE(DATE(YEAR(Presupuesto!E4),MONTH(Presupuesto!E4),1),1)),"Fuera de mes","Correcto"))) | H81: =IF(COUNTA(A81:F81)=0,"",IF(B81="Ingreso","Ingreso",IF(COUNTIFS(Presupuesto!A18:A25,C81)=1,"Clasificado","REVISAR categoría"))) | I81: =IF(COUNTA(A81:F81)>0,ROW(),0) -> 0
G82: =IF(COUNTA(A82:F82)=0,"",IF(OR(NOT(ISNUMBER(A82)),AND(B82<>"Ingreso",B82<>"Gasto"),C82="",D82="",AND(E82<>"",NOT(ISNUMBER(E82))),AND(F82<>"",NOT(ISNUMBER(F82)))),"REVISAR datos",IF(OR(A82<DATE(YEAR(Presupuesto!E4),MONTH(Presupuesto!E4),1),A82>=EDATE(DATE(YEAR(Presupuesto!E4),MONTH(Presupuesto!E4),1),1)),"Fuera de mes","Correcto"))) | H82: =IF(COUNTA(A82:F82)=0,"",IF(B82="Ingreso","Ingreso",IF(COUNTIFS(Presupuesto!A18:A25,C82)=1,"Clasificado","REVISAR categoría"))) | I82: =IF(COUNTA(A82:F82)>0,ROW(),0) -> 0
G83: =IF(COUNTA(A83:F83)=0,"",IF(OR(NOT(ISNUMBER(A83)),AND(B83<>"Ingreso",B83<>"Gasto"),C83="",D83="",AND(E83<>"",NOT(ISNUMBER(E83))),AND(F83<>"",NOT(ISNUMBER(F83)))),"REVISAR datos",IF(OR(A83<DATE(YEAR(Presupuesto!E4),MONTH(Presupuesto!E4),1),A83>=EDATE(DATE(YEAR(Presupuesto!E4),MONTH(Presupuesto!E4),1),1)),"Fuera de mes","Correcto"))) | H83: =IF(COUNTA(A83:F83)=0,"",IF(B83="Ingreso","Ingreso",IF(COUNTIFS(Presupuesto!A18:A25,C83)=1,"Clasificado","REVISAR categoría"))) | I83: =IF(COUNTA(A83:F83)>0,ROW(),0) -> 0
G84: =IF(COUNTA(A84:F84)=0,"",IF(OR(NOT(ISNUMBER(A84)),AND(B84<>"Ingreso",B84<>"Gasto"),C84="",D84="",AND(E84<>"",NOT(ISNUMBER(E84))),AND(F84<>"",NOT(ISNUMBER(F84)))),"REVISAR datos",IF(OR(A84<DATE(YEAR(Presupuesto!E4),MONTH(Presupuesto!E4),1),A84>=EDATE(DATE(YEAR(Presupuesto!E4),MONTH(Presupuesto!E4),1),1)),"Fuera de mes","Correcto"))) | H84: =IF(COUNTA(A84:F84)=0,"",IF(B84="Ingreso","Ingreso",IF(COUNTIFS(Presupuesto!A18:A25,C84)=1,"Clasificado","REVISAR categoría"))) | I84: =IF(COUNTA(A84:F84)>0,ROW(),0) -> 0
G85: =IF(COUNTA(A85:F85)=0,"",IF(OR(NOT(ISNUMBER(A85)),AND(B85<>"Ingreso",B85<>"Gasto"),C85="",D85="",AND(E85<>"",NOT(ISNUMBER(E85))),AND(F85<>"",NOT(ISNUMBER(F85)))),"REVISAR datos",IF(OR(A85<DATE(YEAR(Presupuesto!E4),MONTH(Presupuesto!E4),1),A85>=EDATE(DATE(YEAR(Presupuesto!E4),MONTH(Presupuesto!E4),1),1)),"Fuera de mes","Correcto"))) | H85: =IF(COUNTA(A85:F85)=0,"",IF(B85="Ingreso","Ingreso",IF(COUNTIFS(Presupuesto!A18:A25,C85)=1,"Clasificado","REVISAR categoría"))) | I85: =IF(COUNTA(A85:F85)>0,ROW(),0) -> 0
G86: =IF(COUNTA(A86:F86)=0,"",IF(OR(NOT(ISNUMBER(A86)),AND(B86<>"Ingreso",B86<>"Gasto"),C86="",D86="",AND(E86<>"",NOT(ISNUMBER(E86))),AND(F86<>"",NOT(ISNUMBER(F86)))),"REVISAR datos",IF(OR(A86<DATE(YEAR(Presupuesto!E4),MONTH(Presupuesto!E4),1),A86>=EDATE(DATE(YEAR(Presupuesto!E4),MONTH(Presupuesto!E4),1),1)),"Fuera de mes","Correcto"))) | H86: =IF(COUNTA(A86:F86)=0,"",IF(B86="Ingreso","Ingreso",IF(COUNTIFS(Presupuesto!A18:A25,C86)=1,"Clasificado","REVISAR categoría"))) | I86: =IF(COUNTA(A86:F86)>0,ROW(),0) -> 0
G87: =IF(COUNTA(A87:F87)=0,"",IF(OR(NOT(ISNUMBER(A87)),AND(B87<>"Ingreso",B87<>"Gasto"),C87="",D87="",AND(E87<>"",NOT(ISNUMBER(E87))),AND(F87<>"",NOT(ISNUMBER(F87)))),"REVISAR datos",IF(OR(A87<DATE(YEAR(Presupuesto!E4),MONTH(Presupuesto!E4),1),A87>=EDATE(DATE(YEAR(Presupuesto!E4),MONTH(Presupuesto!E4),1),1)),"Fuera de mes","Correcto"))) | H87: =IF(COUNTA(A87:F87)=0,"",IF(B87="Ingreso","Ingreso",IF(COUNTIFS(Presupuesto!A18:A25,C87)=1,"Clasificado","REVISAR categoría"))) | I87: =IF(COUNTA(A87:F87)>0,ROW(),0) -> 0
G88: =IF(COUNTA(A88:F88)=0,"",IF(OR(NOT(ISNUMBER(A88)),AND(B88<>"Ingreso",B88<>"Gasto"),C88="",D88="",AND(E88<>"",NOT(ISNUMBER(E88))),AND(F88<>"",NOT(ISNUMBER(F88)))),"REVISAR datos",IF(OR(A88<DATE(YEAR(Presupuesto!E4),MONTH(Presupuesto!E4),1),A88>=EDATE(DATE(YEAR(Presupuesto!E4),MONTH(Presupuesto!E4),1),1)),"Fuera de mes","Correcto"))) | H88: =IF(COUNTA(A88:F88)=0,"",IF(B88="Ingreso","Ingreso",IF(COUNTIFS(Presupuesto!A18:A25,C88)=1,"Clasificado","REVISAR categoría"))) | I88: =IF(COUNTA(A88:F88)>0,ROW(),0) -> 0
G89: =IF(COUNTA(A89:F89)=0,"",IF(OR(NOT(ISNUMBER(A89)),AND(B89<>"Ingreso",B89<>"Gasto"),C89="",D89="",AND(E89<>"",NOT(ISNUMBER(E89))),AND(F89<>"",NOT(ISNUMBER(F89)))),"REVISAR datos",IF(OR(A89<DATE(YEAR(Presupuesto!E4),MONTH(Presupuesto!E4),1),A89>=EDATE(DATE(YEAR(Presupuesto!E4),MONTH(Presupuesto!E4),1),1)),"Fuera de mes","Correcto"))) | H89: =IF(COUNTA(A89:F89)=0,"",IF(B89="Ingreso","Ingreso",IF(COUNTIFS(Presupuesto!A18:A25,C89)=1,"Clasificado","REVISAR categoría"))) | I89: =IF(COUNTA(A89:F89)>0,ROW(),0) -> 0
G90: =IF(COUNTA(A90:F90)=0,"",IF(OR(NOT(ISNUMBER(A90)),AND(B90<>"Ingreso",B90<>"Gasto"),C90="",D90="",AND(E90<>"",NOT(ISNUMBER(E90))),AND(F90<>"",NOT(ISNUMBER(F90)))),"REVISAR datos",IF(OR(A90<DATE(YEAR(Presupuesto!E4),MONTH(Presupuesto!E4),1),A90>=EDATE(DATE(YEAR(Presupuesto!E4),MONTH(Presupuesto!E4),1),1)),"Fuera de mes","Correcto"))) | H90: =IF(COUNTA(A90:F90)=0,"",IF(B90="Ingreso","Ingreso",IF(COUNTIFS(Presupuesto!A18:A25,C90)=1,"Clasificado","REVISAR categoría"))) | I90: =IF(COUNTA(A90:F90)>0,ROW(),0) -> 0
G91: =IF(COUNTA(A91:F91)=0,"",IF(OR(NOT(ISNUMBER(A91)),AND(B91<>"Ingreso",B91<>"Gasto"),C91="",D91="",AND(E91<>"",NOT(ISNUMBER(E91))),AND(F91<>"",NOT(ISNUMBER(F91)))),"REVISAR datos",IF(OR(A91<DATE(YEAR(Presupuesto!E4),MONTH(Presupuesto!E4),1),A91>=EDATE(DATE(YEAR(Presupuesto!E4),MONTH(Presupuesto!E4),1),1)),"Fuera de mes","Correcto"))) | H91: =IF(COUNTA(A91:F91)=0,"",IF(B91="Ingreso","Ingreso",IF(COUNTIFS(Presupuesto!A18:A25,C91)=1,"Clasificado","REVISAR categoría"))) | I91: =IF(COUNTA(A91:F91)>0,ROW(),0) -> 0
G92: =IF(COUNTA(A92:F92)=0,"",IF(OR(NOT(ISNUMBER(A92)),AND(B92<>"Ingreso",B92<>"Gasto"),C92="",D92="",AND(E92<>"",NOT(ISNUMBER(E92))),AND(F92<>"",NOT(ISNUMBER(F92)))),"REVISAR datos",IF(OR(A92<DATE(YEAR(Presupuesto!E4),MONTH(Presupuesto!E4),1),A92>=EDATE(DATE(YEAR(Presupuesto!E4),MONTH(Presupuesto!E4),1),1)),"Fuera de mes","Correcto"))) | H92: =IF(COUNTA(A92:F92)=0,"",IF(B92="Ingreso","Ingreso",IF(COUNTIFS(Presupuesto!A18:A25,C92)=1,"Clasificado","REVISAR categoría"))) | I92: =IF(COUNTA(A92:F92)>0,ROW(),0) -> 0
G93: =IF(COUNTA(A93:F93)=0,"",IF(OR(NOT(ISNUMBER(A93)),AND(B93<>"Ingreso",B93<>"Gasto"),C93="",D93="",AND(E93<>"",NOT(ISNUMBER(E93))),AND(F93<>"",NOT(ISNUMBER(F93)))),"REVISAR datos",IF(OR(A93<DATE(YEAR(Presupuesto!E4),MONTH(Presupuesto!E4),1),A93>=EDATE(DATE(YEAR(Presupuesto!E4),MONTH(Presupuesto!E4),1),1)),"Fuera de mes","Correcto"))) | H93: =IF(COUNTA(A93:F93)=0,"",IF(B93="Ingreso","Ingreso",IF(COUNTIFS(Presupuesto!A18:A25,C93)=1,"Clasificado","REVISAR categoría"))) | I93: =IF(COUNTA(A93:F93)>0,ROW(),0) -> 0
G94: =IF(COUNTA(A94:F94)=0,"",IF(OR(NOT(ISNUMBER(A94)),AND(B94<>"Ingreso",B94<>"Gasto"),C94="",D94="",AND(E94<>"",NOT(ISNUMBER(E94))),AND(F94<>"",NOT(ISNUMBER(F94)))),"REVISAR datos",IF(OR(A94<DATE(YEAR(Presupuesto!E4),MONTH(Presupuesto!E4),1),A94>=EDATE(DATE(YEAR(Presupuesto!E4),MONTH(Presupuesto!E4),1),1)),"Fuera de mes","Correcto"))) | H94: =IF(COUNTA(A94:F94)=0,"",IF(B94="Ingreso","Ingreso",IF(COUNTIFS(Presupuesto!A18:A25,C94)=1,"Clasificado","REVISAR categoría"))) | I94: =IF(COUNTA(A94:F94)>0,ROW(),0) -> 0
G95: =IF(COUNTA(A95:F95)=0,"",IF(OR(NOT(ISNUMBER(A95)),AND(B95<>"Ingreso",B95<>"Gasto"),C95="",D95="",AND(E95<>"",NOT(ISNUMBER(E95))),AND(F95<>"",NOT(ISNUMBER(F95)))),"REVISAR datos",IF(OR(A95<DATE(YEAR(Presupuesto!E4),MONTH(Presupuesto!E4),1),A95>=EDATE(DATE(YEAR(Presupuesto!E4),MONTH(Presupuesto!E4),1),1)),"Fuera de mes","Correcto"))) | H95: =IF(COUNTA(A95:F95)=0,"",IF(B95="Ingreso","Ingreso",IF(COUNTIFS(Presupuesto!A18:A25,C95)=1,"Clasificado","REVISAR categoría"))) | I95: =IF(COUNTA(A95:F95)>0,ROW(),0) -> 0
G96: =IF(COUNTA(A96:F96)=0,"",IF(OR(NOT(ISNUMBER(A96)),AND(B96<>"Ingreso",B96<>"Gasto"),C96="",D96="",AND(E96<>"",NOT(ISNUMBER(E96))),AND(F96<>"",NOT(ISNUMBER(F96)))),"REVISAR datos",IF(OR(A96<DATE(YEAR(Presupuesto!E4),MONTH(Presupuesto!E4),1),A96>=EDATE(DATE(YEAR(Presupuesto!E4),MONTH(Presupuesto!E4),1),1)),"Fuera de mes","Correcto"))) | H96: =IF(COUNTA(A96:F96)=0,"",IF(B96="Ingreso","Ingreso",IF(COUNTIFS(Presupuesto!A18:A25,C96)=1,"Clasificado","REVISAR categoría"))) | I96: =IF(COUNTA(A96:F96)>0,ROW(),0) -> 0
G97: =IF(COUNTA(A97:F97)=0,"",IF(OR(NOT(ISNUMBER(A97)),AND(B97<>"Ingreso",B97<>"Gasto"),C97="",D97="",AND(E97<>"",NOT(ISNUMBER(E97))),AND(F97<>"",NOT(ISNUMBER(F97)))),"REVISAR datos",IF(OR(A97<DATE(YEAR(Presupuesto!E4),MONTH(Presupuesto!E4),1),A97>=EDATE(DATE(YEAR(Presupuesto!E4),MONTH(Presupuesto!E4),1),1)),"Fuera de mes","Correcto"))) | H97: =IF(COUNTA(A97:F97)=0,"",IF(B97="Ingreso","Ingreso",IF(COUNTIFS(Presupuesto!A18:A25,C97)=1,"Clasificado","REVISAR categoría"))) | I97: =IF(COUNTA(A97:F97)>0,ROW(),0) -> 0
G98: =IF(COUNTA(A98:F98)=0,"",IF(OR(NOT(ISNUMBER(A98)),AND(B98<>"Ingreso",B98<>"Gasto"),C98="",D98="",AND(E98<>"",NOT(ISNUMBER(E98))),AND(F98<>"",NOT(ISNUMBER(F98)))),"REVISAR datos",IF(OR(A98<DATE(YEAR(Presupuesto!E4),MONTH(Presupuesto!E4),1),A98>=EDATE(DATE(YEAR(Presupuesto!E4),MONTH(Presupuesto!E4),1),1)),"Fuera de mes","Correcto"))) | H98: =IF(COUNTA(A98:F98)=0,"",IF(B98="Ingreso","Ingreso",IF(COUNTIFS(Presupuesto!A18:A25,C98)=1,"Clasificado","REVISAR categoría"))) | I98: =IF(COUNTA(A98:F98)>0,ROW(),0) -> 0
G99: =IF(COUNTA(A99:F99)=0,"",IF(OR(NOT(ISNUMBER(A99)),AND(B99<>"Ingreso",B99<>"Gasto"),C99="",D99="",AND(E99<>"",NOT(ISNUMBER(E99))),AND(F99<>"",NOT(ISNUMBER(F99)))),"REVISAR datos",IF(OR(A99<DATE(YEAR(Presupuesto!E4),MONTH(Presupuesto!E4),1),A99>=EDATE(DATE(YEAR(Presupuesto!E4),MONTH(Presupuesto!E4),1),1)),"Fuera de mes","Correcto"))) | H99: =IF(COUNTA(A99:F99)=0,"",IF(B99="Ingreso","Ingreso",IF(COUNTIFS(Presupuesto!A18:A25,C99)=1,"Clasificado","REVISAR categoría"))) | I99: =IF(COUNTA(A99:F99)>0,ROW(),0) -> 0
G100: =IF(COUNTA(A100:F100)=0,"",IF(OR(NOT(ISNUMBER(A100)),AND(B100<>"Ingreso",B100<>"Gasto"),C100="",D100="",AND(E100<>"",NOT(ISNUMBER(E100))),AND(F100<>"",NOT(ISNUMBER(F100)))),"REVISAR datos",IF(OR(A100<DATE(YEAR(Presupuesto!E4),MONTH(Presupuesto!E4),1),A100>=EDATE(DATE(YEAR(Presupuesto!E4),MONTH(Presupuesto!E4),1),1)),"Fuera de mes","Correcto"))) | H100: =IF(COUNTA(A100:F100)=0,"",IF(B100="Ingreso","Ingreso",IF(COUNTIFS(Presupuesto!A18:A25,C100)=1,"Clasificado","REVISAR categoría"))) | I100: =IF(COUNTA(A100:F100)>0,ROW(),0) -> 0
G101: =IF(COUNTA(A101:F101)=0,"",IF(OR(NOT(ISNUMBER(A101)),AND(B101<>"Ingreso",B101<>"Gasto"),C101="",D101="",AND(E101<>"",NOT(ISNUMBER(E101))),AND(F101<>"",NOT(ISNUMBER(F101)))),"REVISAR datos",IF(OR(A101<DATE(YEAR(Presupuesto!E4),MONTH(Presupuesto!E4),1),A101>=EDATE(DATE(YEAR(Presupuesto!E4),MONTH(Presupuesto!E4),1),1)),"Fuera de mes","Correcto"))) | H101: =IF(COUNTA(A101:F101)=0,"",IF(B101="Ingreso","Ingreso",IF(COUNTIFS(Presupuesto!A18:A25,C101)=1,"Clasificado","REVISAR categoría"))) | I101: =IF(COUNTA(A101:F101)>0,ROW(),0) -> 0
G102: =IF(COUNTA(A102:F102)=0,"",IF(OR(NOT(ISNUMBER(A102)),AND(B102<>"Ingreso",B102<>"Gasto"),C102="",D102="",AND(E102<>"",NOT(ISNUMBER(E102))),AND(F102<>"",NOT(ISNUMBER(F102)))),"REVISAR datos",IF(OR(A102<DATE(YEAR(Presupuesto!E4),MONTH(Presupuesto!E4),1),A102>=EDATE(DATE(YEAR(Presupuesto!E4),MONTH(Presupuesto!E4),1),1)),"Fuera de mes","Correcto"))) | H102: =IF(COUNTA(A102:F102)=0,"",IF(B102="Ingreso","Ingreso",IF(COUNTIFS(Presupuesto!A18:A25,C102)=1,"Clasificado","REVISAR categoría"))) | I102: =IF(COUNTA(A102:F102)>0,ROW(),0) -> 0
G103: =IF(COUNTA(A103:F103)=0,"",IF(OR(NOT(ISNUMBER(A103)),AND(B103<>"Ingreso",B103<>"Gasto"),C103="",D103="",AND(E103<>"",NOT(ISNUMBER(E103))),AND(F103<>"",NOT(ISNUMBER(F103)))),"REVISAR datos",IF(OR(A103<DATE(YEAR(Presupuesto!E4),MONTH(Presupuesto!E4),1),A103>=EDATE(DATE(YEAR(Presupuesto!E4),MONTH(Presupuesto!E4),1),1)),"Fuera de mes","Correcto"))) | H103: =IF(COUNTA(A103:F103)=0,"",IF(B103="Ingreso","Ingreso",IF(COUNTIFS(Presupuesto!A18:A25,C103)=1,"Clasificado","REVISAR categoría"))) | I103: =IF(COUNTA(A103:F103)>0,ROW(),0) -> 0
G104: =IF(COUNTA(A104:F104)=0,"",IF(OR(NOT(ISNUMBER(A104)),AND(B104<>"Ingreso",B104<>"Gasto"),C104="",D104="",AND(E104<>"",NOT(ISNUMBER(E104))),AND(F104<>"",NOT(ISNUMBER(F104)))),"REVISAR datos",IF(OR(A104<DATE(YEAR(Presupuesto!E4),MONTH(Presupuesto!E4),1),A104>=EDATE(DATE(YEAR(Presupuesto!E4),MONTH(Presupuesto!E4),1),1)),"Fuera de mes","Correcto"))) | H104: =IF(COUNTA(A104:F104)=0,"",IF(B104="Ingreso","Ingreso",IF(COUNTIFS(Presupuesto!A18:A25,C104)=1,"Clasificado","REVISAR categoría"))) | I104: =IF(COUNTA(A104:F104)>0,ROW(),0) -> 0
...

Sheet Ayuda
B2: Cómo usar esta herramienta
B5: La descarga es la solución del ejercicio, vacía o con datos de ejemplo. Para aprender, empieza en un libro nuevo como indica el artículo.
B6: Configura ocho categorías de gasto en el resumen. Ingresos se identifica por Tipo y no se exige una categoría de gasto.
B7: Sin clasificar conserva los importes pegados con nombres ajenos o duplicados y activa un aviso. El total y el desglose deben coincidir.
B8: Previsto vacío equivale a cero. Real vacío sigue pendiente; Real cero es un valor registrado.
B9: Saldo registrado es ingreso menos gasto. Caja tras movimientos añade el saldo inicial, si lo introduces sin duplicar ingresos.
B10: El contador Fuera del periodo muestra movimientos excluidos del mes, incluidos históricos válidos.
B11: Las celdas con fondo azul son editables. Fórmulas protegidas sin contraseña.
B12: Importes de ejemplo ficticios. Cada archivo vacío conserva solo ajustes y fórmulas.
B13: Pruebas de cálculo en LibreOffice. Excel 365, móvil y Google Sheets pendientes.
B14: PlantillasyPortadas · https://plantillasyportadas.com/ · 16/10/2026
A15: Impresión: en Imprimir elige página 1–25 e imprime la hoja activa. El registro original solo ofrece una vista parcial.

Sheet Imprimir
A2: Registro: página de movimientos
A4: Página (1 a 25) | B4: 1 | D4: Páginas con datos | E4: =MAX(1,ROUNDUP((MAX(14,MAX(Registro!$I$8:$I$507))-7)/20,0)) -> 1
A5: Imprime esta hoja. Cambia Página para recorrer el registro: veinte filas por página.
A7: =Registro!A7 -> Fecha | B7: =Registro!B7 -> Tipo | C7: =Registro!C7 -> Categoría | D7: =Registro!D7 -> Concepto | E7: =Registro!E7 -> Previsto | F7: =Registro!F7 -> Real | G7: =Registro!G7 -> Control | H7: =Registro!H7 -> Clasificación
A8: =IF(AND(ISNUMBER($B$4),$B$4>=1,$B$4<=25,MOD($B$4,1)=0),IF(INDEX(Registro!I8:I507,($B$4-1)*20+1)=0,"",IF(INDEX(Registro!A8:A507,($B$4-1)*20+1)="","",INDEX(Registro!A8:A507,($B$4-1)*20+1))),"Revisa página") | B8: =IF(AND(ISNUMBER($B$4),$B$4>=1,$B$4<=25,MOD($B$4,1)=0),IF(INDEX(Registro!I8:I507,($B$4-1)*20+1)=0,"",IF(INDEX(Registro!B8:B507,($B$4-1)*20+1)="","",INDEX(Registro!B8:B507,($B$4-1)*20+1))),"Revisa página") | C8: =IF(AND(ISNUMBER($B$4),$B$4>=1,$B$4<=25,MOD($B$4,1)=0),IF(INDEX(Registro!I8:I507,($B$4-1)*20+1)=0,"",IF(INDEX(Registro!C8:C507,($B$4-1)*20+1)="","",INDEX(Registro!C8:C507,($B$4-1)*20+1))),"Revisa página") | D8: =IF(AND(ISNUMBER($B$4),$B$4>=1,$B$4<=25,MOD($B$4,1)=0),IF(INDEX(Registro!I8:I507,($B$4-1)*20+1)=0,"",IF(INDEX(Registro!D8:D507,($B$4-1)*20+1)="","",INDEX(Registro!D8:D507,($B$4-1)*20+1))),"Revisa página") | E8: =IF(AND(ISNUMBER($B$4),$B$4>=1,$B$4<=25,MOD($B$4,1)=0),IF(INDEX(Registro!I8:I507,($B$4-1)*20+1)=0,"",IF(INDEX(Registro!E8:E507,($B$4-1)*20+1)="","",INDEX(Registro!E8:E507,($B$4-1)*20+1))),"Revisa página") | F8: =IF(AND(ISNUMBER($B$4),$B$4>=1,$B$4<=25,MOD($B$4,1)=0),IF(INDEX(Registro!I8:I507,($B$4-1)*20+1)=0,"",IF(INDEX(Registro!F8:F507,($B$4-1)*20+1)="","",INDEX(Registro!F8:F507,($B$4-1)*20+1))),"Revisa página") | G8: =IF(AND(ISNUMBER($B$4),$B$4>=1,$B$4<=25,MOD($B$4,1)=0),IF(INDEX(Registro!I8:I507,($B$4-1)*20+1)=0,"",IF(INDEX(Registro!G8:G507,($B$4-1)*20+1)="","",INDEX(Registro!G8:G507,($B$4-1)*20+1))),"Revisa página") | H8: =IF(AND(ISNUMBER($B$4),$B$4>=1,$B$4<=25,MOD($B$4,1)=0),IF(INDEX(Registro!I8:I507,($B$4-1)*20+1)=0,"",IF(INDEX(Registro!H8:H507,($B$4-1)*20+1)="","",INDEX(Registro!H8:H507,($B$4-1)*20+1))),"Revisa página")
A9: =IF(AND(ISNUMBER($B$4),$B$4>=1,$B$4<=25,MOD($B$4,1)=0),IF(INDEX(Registro!I8:I507,($B$4-1)*20+2)=0,"",IF(INDEX(Registro!A8:A507,($B$4-1)*20+2)="","",INDEX(Registro!A8:A507,($B$4-1)*20+2))),"Revisa página") | B9: =IF(AND(ISNUMBER($B$4),$B$4>=1,$B$4<=25,MOD($B$4,1)=0),IF(INDEX(Registro!I8:I507,($B$4-1)*20+2)=0,"",IF(INDEX(Registro!B8:B507,($B$4-1)*20+2)="","",INDEX(Registro!B8:B507,($B$4-1)*20+2))),"Revisa página") | C9: =IF(AND(ISNUMBER($B$4),$B$4>=1,$B$4<=25,MOD($B$4,1)=0),IF(INDEX(Registro!I8:I507,($B$4-1)*20+2)=0,"",IF(INDEX(Registro!C8:C507,($B$4-1)*20+2)="","",INDEX(Registro!C8:C507,($B$4-1)*20+2))),"Revisa página") | D9: =IF(AND(ISNUMBER($B$4),$B$4>=1,$B$4<=25,MOD($B$4,1)=0),IF(INDEX(Registro!I8:I507,($B$4-1)*20+2)=0,"",IF(INDEX(Registro!D8:D507,($B$4-1)*20+2)="","",INDEX(Registro!D8:D507,($B$4-1)*20+2))),"Revisa página") | E9: =IF(AND(ISNUMBER($B$4),$B$4>=1,$B$4<=25,MOD($B$4,1)=0),IF(INDEX(Registro!I8:I507,($B$4-1)*20+2)=0,"",IF(INDEX(Registro!E8:E507,($B$4-1)*20+2)="","",INDEX(Registro!E8:E507,($B$4-1)*20+2))),"Revisa página") | F9: =IF(AND(ISNUMBER($B$4),$B$4>=1,$B$4<=25,MOD($B$4,1)=0),IF(INDEX(Registro!I8:I507,($B$4-1)*20+2)=0,"",IF(INDEX(Registro!F8:F507,($B$4-1)*20+2)="","",INDEX(Registro!F8:F507,($B$4-1)*20+2))),"Revisa página") | G9: =IF(AND(ISNUMBER($B$4),$B$4>=1,$B$4<=25,MOD($B$4,1)=0),IF(INDEX(Registro!I8:I507,($B$4-1)*20+2)=0,"",IF(INDEX(Registro!G8:G507,($B$4-1)*20+2)="","",INDEX(Registro!G8:G507,($B$4-1)*20+2))),"Revisa página") | H9: =IF(AND(ISNUMBER($B$4),$B$4>=1,$B$4<=25,MOD($B$4,1)=0),IF(INDEX(Registro!I8:I507,($B$4-1)*20+2)=0,"",IF(INDEX(Registro!H8:H507,($B$4-1)*20+2)="","",INDEX(Registro!H8:H507,($B$4-1)*20+2))),"Revisa página")
A10: =IF(AND(ISNUMBER($B$4),$B$4>=1,$B$4<=25,MOD($B$4,1)=0),IF(INDEX(Registro!I8:I507,($B$4-1)*20+3)=0,"",IF(INDEX(Registro!A8:A507,($B$4-1)*20+3)="","",INDEX(Registro!A8:A507,($B$4-1)*20+3))),"Revisa página") | B10: =IF(AND(ISNUMBER($B$4),$B$4>=1,$B$4<=25,MOD($B$4,1)=0),IF(INDEX(Registro!I8:I507,($B$4-1)*20+3)=0,"",IF(INDEX(Registro!B8:B507,($B$4-1)*20+3)="","",INDEX(Registro!B8:B507,($B$4-1)*20+3))),"Revisa página") | C10: =IF(AND(ISNUMBER($B$4),$B$4>=1,$B$4<=25,MOD($B$4,1)=0),IF(INDEX(Registro!I8:I507,($B$4-1)*20+3)=0,"",IF(INDEX(Registro!C8:C507,($B$4-1)*20+3)="","",INDEX(Registro!C8:C507,($B$4-1)*20+3))),"Revisa página") | D10: =IF(AND(ISNUMBER($B$4),$B$4>=1,$B$4<=25,MOD($B$4,1)=0),IF(INDEX(Registro!I8:I507,($B$4-1)*20+3)=0,"",IF(INDEX(Registro!D8:D507,($B$4-1)*20+3)="","",INDEX(Registro!D8:D507,($B$4-1)*20+3))),"Revisa página") | E10: =IF(AND(ISNUMBER($B$4),$B$4>=1,$B$4<=25,MOD($B$4,1)=0),IF(INDEX(Registro!I8:I507,($B$4-1)*20+3)=0,"",IF(INDEX(Registro!E8:E507,($B$4-1)*20+3)="","",INDEX(Registro!E8:E507,($B$4-1)*20+3))),"Revisa página") | F10: =IF(AND(ISNUMBER($B$4),$B$4>=1,$B$4<=25,MOD($B$4,1)=0),IF(INDEX(Registro!I8:I507,($B$4-1)*20+3)=0,"",IF(INDEX(Registro!F8:F507,($B$4-1)*20+3)="","",INDEX(Registro!F8:F507,($B$4-1)*20+3))),"Revisa página") | G10: =IF(AND(ISNUMBER($B$4),$B$4>=1,$B$4<=25,MOD($B$4,1)=0),IF(INDEX(Registro!I8:I507,($B$4-1)*20+3)=0,"",IF(INDEX(Registro!G8:G507,($B$4-1)*20+3)="","",INDEX(Registro!G8:G507,($B$4-1)*20+3))),"Revisa página") | H10: =IF(AND(ISNUMBER($B$4),$B$4>=1,$B$4<=25,MOD($B$4,1)=0),IF(INDEX(Registro!I8:I507,($B$4-1)*20+3)=0,"",IF(INDEX(Registro!H8:H507,($B$4-1)*20+3)="","",INDEX(Registro!H8:H507,($B$4-1)*20+3))),"Revisa página")
A11: =IF(AND(ISNUMBER($B$4),$B$4>=1,$B$4<=25,MOD($B$4,1)=0),IF(INDEX(Registro!I8:I507,($B$4-1)*20+4)=0,"",IF(INDEX(Registro!A8:A507,($B$4-1)*20+4)="","",INDEX(Registro!A8:A507,($B$4-1)*20+4))),"Revisa página") | B11: =IF(AND(ISNUMBER($B$4),$B$4>=1,$B$4<=25,MOD($B$4,1)=0),IF(INDEX(Registro!I8:I507,($B$4-1)*20+4)=0,"",IF(INDEX(Registro!B8:B507,($B$4-1)*20+4)="","",INDEX(Registro!B8:B507,($B$4-1)*20+4))),"Revisa página") | C11: =IF(AND(ISNUMBER($B$4),$B$4>=1,$B$4<=25,MOD($B$4,1)=0),IF(INDEX(Registro!I8:I507,($B$4-1)*20+4)=0,"",IF(INDEX(Registro!C8:C507,($B$4-1)*20+4)="","",INDEX(Registro!C8:C507,($B$4-1)*20+4))),"Revisa página") | D11: =IF(AND(ISNUMBER($B$4),$B$4>=1,$B$4<=25,MOD($B$4,1)=0),IF(INDEX(Registro!I8:I507,($B$4-1)*20+4)=0,"",IF(INDEX(Registro!D8:D507,($B$4-1)*20+4)="","",INDEX(Registro!D8:D507,($B$4-1)*20+4))),"Revisa página") | E11: =IF(AND(ISNUMBER($B$4),$B$4>=1,$B$4<=25,MOD($B$4,1)=0),IF(INDEX(Registro!I8:I507,($B$4-1)*20+4)=0,"",IF(INDEX(Registro!E8:E507,($B$4-1)*20+4)="","",INDEX(Registro!E8:E507,($B$4-1)*20+4))),"Revisa página") | F11: =IF(AND(ISNUMBER($B$4),$B$4>=1,$B$4<=25,MOD($B$4,1)=0),IF(INDEX(Registro!I8:I507,($B$4-1)*20+4)=0,"",IF(INDEX(Registro!F8:F507,($B$4-1)*20+4)="","",INDEX(Registro!F8:F507,($B$4-1)*20+4))),"Revisa página") | G11: =IF(AND(ISNUMBER($B$4),$B$4>=1,$B$4<=25,MOD($B$4,1)=0),IF(INDEX(Registro!I8:I507,($B$4-1)*20+4)=0,"",IF(INDEX(Registro!G8:G507,($B$4-1)*20+4)="","",INDEX(Registro!G8:G507,($B$4-1)*20+4))),"Revisa página") | H11: =IF(AND(ISNUMBER($B$4),$B$4>=1,$B$4<=25,MOD($B$4,1)=0),IF(INDEX(Registro!I8:I507,($B$4-1)*20+4)=0,"",IF(INDEX(Registro!H8:H507,($B$4-1)*20+4)="","",INDEX(Registro!H8:H507,($B$4-1)*20+4))),"Revisa página")
A12: =IF(AND(ISNUMBER($B$4),$B$4>=1,$B$4<=25,MOD($B$4,1)=0),IF(INDEX(Registro!I8:I507,($B$4-1)*20+5)=0,"",IF(INDEX(Registro!A8:A507,($B$4-1)*20+5)="","",INDEX(Registro!A8:A507,($B$4-1)*20+5))),"Revisa página") | B12: =IF(AND(ISNUMBER($B$4),$B$4>=1,$B$4<=25,MOD($B$4,1)=0),IF(INDEX(Registro!I8:I507,($B$4-1)*20+5)=0,"",IF(INDEX(Registro!B8:B507,($B$4-1)*20+5)="","",INDEX(Registro!B8:B507,($B$4-1)*20+5))),"Revisa página") | C12: =IF(AND(ISNUMBER($B$4),$B$4>=1,$B$4<=25,MOD($B$4,1)=0),IF(INDEX(Registro!I8:I507,($B$4-1)*20+5)=0,"",IF(INDEX(Registro!C8:C507,($B$4-1)*20+5)="","",INDEX(Registro!C8:C507,($B$4-1)*20+5))),"Revisa página") | D12: =IF(AND(ISNUMBER($B$4),$B$4>=1,$B$4<=25,MOD($B$4,1)=0),IF(INDEX(Registro!I8:I507,($B$4-1)*20+5)=0,"",IF(INDEX(Registro!D8:D507,($B$4-1)*20+5)="","",INDEX(Registro!D8:D507,($B$4-1)*20+5))),"Revisa página") | E12: =IF(AND(ISNUMBER($B$4),$B$4>=1,$B$4<=25,MOD($B$4,1)=0),IF(INDEX(Registro!I8:I507,($B$4-1)*20+5)=0,"",IF(INDEX(Registro!E8:E507,($B$4-1)*20+5)="","",INDEX(Registro!E8:E507,($B$4-1)*20+5))),"Revisa página") | F12: =IF(AND(ISNUMBER($B$4),$B$4>=1,$B$4<=25,MOD($B$4,1)=0),IF(INDEX(Registro!I8:I507,($B$4-1)*20+5)=0,"",IF(INDEX(Registro!F8:F507,($B$4-1)*20+5)="","",INDEX(Registro!F8:F507,($B$4-1)*20+5))),"Revisa página") | G12: =IF(AND(ISNUMBER($B$4),$B$4>=1,$B$4<=25,MOD($B$4,1)=0),IF(INDEX(Registro!I8:I507,($B$4-1)*20+5)=0,"",IF(INDEX(Registro!G8:G507,($B$4-1)*20+5)="","",INDEX(Registro!G8:G507,($B$4-1)*20+5))),"Revisa página") | H12: =IF(AND(ISNUMBER($B$4),$B$4>=1,$B$4<=25,MOD($B$4,1)=0),IF(INDEX(Registro!I8:I507,($B$4-1)*20+5)=0,"",IF(INDEX(Registro!H8:H507,($B$4-1)*20+5)="","",INDEX(Registro!H8:H507,($B$4-1)*20+5))),"Revisa página")
A13: =IF(AND(ISNUMBER($B$4),$B$4>=1,$B$4<=25,MOD($B$4,1)=0),IF(INDEX(Registro!I8:I507,($B$4-1)*20+6)=0,"",IF(INDEX(Registro!A8:A507,($B$4-1)*20+6)="","",INDEX(Registro!A8:A507,($B$4-1)*20+6))),"Revisa página") | B13: =IF(AND(ISNUMBER($B$4),$B$4>=1,$B$4<=25,MOD($B$4,1)=0),IF(INDEX(Registro!I8:I507,($B$4-1)*20+6)=0,"",IF(INDEX(Registro!B8:B507,($B$4-1)*20+6)="","",INDEX(Registro!B8:B507,($B$4-1)*20+6))),"Revisa página") | C13: =IF(AND(ISNUMBER($B$4),$B$4>=1,$B$4<=25,MOD($B$4,1)=0),IF(INDEX(Registro!I8:I507,($B$4-1)*20+6)=0,"",IF(INDEX(Registro!C8:C507,($B$4-1)*20+6)="","",INDEX(Registro!C8:C507,($B$4-1)*20+6))),"Revisa página") | D13: =IF(AND(ISNUMBER($B$4),$B$4>=1,$B$4<=25,MOD($B$4,1)=0),IF(INDEX(Registro!I8:I507,($B$4-1)*20+6)=0,"",IF(INDEX(Registro!D8:D507,($B$4-1)*20+6)="","",INDEX(Registro!D8:D507,($B$4-1)*20+6))),"Revisa página") | E13: =IF(AND(ISNUMBER($B$4),$B$4>=1,$B$4<=25,MOD($B$4,1)=0),IF(INDEX(Registro!I8:I507,($B$4-1)*20+6)=0,"",IF(INDEX(Registro!E8:E507,($B$4-1)*20+6)="","",INDEX(Registro!E8:E507,($B$4-1)*20+6))),"Revisa página") | F13: =IF(AND(ISNUMBER($B$4),$B$4>=1,$B$4<=25,MOD($B$4,1)=0),IF(INDEX(Registro!I8:I507,($B$4-1)*20+6)=0,"",IF(INDEX(Registro!F8:F507,($B$4-1)*20+6)="","",INDEX(Registro!F8:F507,($B$4-1)*20+6))),"Revisa página") | G13: =IF(AND(ISNUMBER($B$4),$B$4>=1,$B$4<=25,MOD($B$4,1)=0),IF(INDEX(Registro!I8:I507,($B$4-1)*20+6)=0,"",IF(INDEX(Registro!G8:G507,($B$4-1)*20+6)="","",INDEX(Registro!G8:G507,($B$4-1)*20+6))),"Revisa página") | H13: =IF(AND(ISNUMBER($B$4),$B$4>=1,$B$4<=25,MOD($B$4,1)=0),IF(INDEX(Registro!I8:I507,($B$4-1)*20+6)=0,"",IF(INDEX(Registro!H8:H507,($B$4-1)*20+6)="","",INDEX(Registro!H8:H507,($B$4-1)*20+6))),"Revisa página")
A14: =IF(AND(ISNUMBER($B$4),$B$4>=1,$B$4<=25,MOD($B$4,1)=0),IF(INDEX(Registro!I8:I507,($B$4-1)*20+7)=0,"",IF(INDEX(Registro!A8:A507,($B$4-1)*20+7)="","",INDEX(Registro!A8:A507,($B$4-1)*20+7))),"Revisa página") | B14: =IF(AND(ISNUMBER($B$4),$B$4>=1,$B$4<=25,MOD($B$4,1)=0),IF(INDEX(Registro!I8:I507,($B$4-1)*20+7)=0,"",IF(INDEX(Registro!B8:B507,($B$4-1)*20+7)="","",INDEX(Registro!B8:B507,($B$4-1)*20+7))),"Revisa página") | C14: =IF(AND(ISNUMBER($B$4),$B$4>=1,$B$4<=25,MOD($B$4,1)=0),IF(INDEX(Registro!I8:I507,($B$4-1)*20+7)=0,"",IF(INDEX(Registro!C8:C507,($B$4-1)*20+7)="","",INDEX(Registro!C8:C507,($B$4-1)*20+7))),"Revisa página") | D14: =IF(AND(ISNUMBER($B$4),$B$4>=1,$B$4<=25,MOD($B$4,1)=0),IF(INDEX(Registro!I8:I507,($B$4-1)*20+7)=0,"",IF(INDEX(Registro!D8:D507,($B$4-1)*20+7)="","",INDEX(Registro!D8:D507,($B$4-1)*20+7))),"Revisa página") | E14: =IF(AND(ISNUMBER($B$4),$B$4>=1,$B$4<=25,MOD($B$4,1)=0),IF(INDEX(Registro!I8:I507,($B$4-1)*20+7)=0,"",IF(INDEX(Registro!E8:E507,($B$4-1)*20+7)="","",INDEX(Registro!E8:E507,($B$4-1)*20+7))),"Revisa página") | F14: =IF(AND(ISNUMBER($B$4),$B$4>=1,$B$4<=25,MOD($B$4,1)=0),IF(INDEX(Registro!I8:I507,($B$4-1)*20+7)=0,"",IF(INDEX(Registro!F8:F507,($B$4-1)*20+7)="","",INDEX(Registro!F8:F507,($B$4-1)*20+7))),"Revisa página") | G14: =IF(AND(ISNUMBER($B$4),$B$4>=1,$B$4<=25,MOD($B$4,1)=0),IF(INDEX(Registro!I8:I507,($B$4-1)*20+7)=0,"",IF(INDEX(Registro!G8:G507,($B$4-1)*20+7)="","",INDEX(Registro!G8:G507,($B$4-1)*20+7))),"Revisa página") | H14: =IF(AND(ISNUMBER($B$4),$B$4>=1,$B$4<=25,MOD($B$4,1)=0),IF(INDEX(Registro!I8:I507,($B$4-1)*20+7)=0,"",IF(INDEX(Registro!H8:H507,($B$4-1)*20+7)="","",INDEX(Registro!H8:H507,($B$4-1)*20+7))),"Revisa página")
A15: =IF(AND(ISNUMBER($B$4),$B$4>=1,$B$4<=25,MOD($B$4,1)=0),IF(INDEX(Registro!I8:I507,($B$4-1)*20+8)=0,"",IF(INDEX(Registro!A8:A507,($B$4-1)*20+8)="","",INDEX(Registro!A8:A507,($B$4-1)*20+8))),"Revisa página") | B15: =IF(AND(ISNUMBER($B$4),$B$4>=1,$B$4<=25,MOD($B$4,1)=0),IF(INDEX(Registro!I8:I507,($B$4-1)*20+8)=0,"",IF(INDEX(Registro!B8:B507,($B$4-1)*20+8)="","",INDEX(Registro!B8:B507,($B$4-1)*20+8))),"Revisa página") | C15: =IF(AND(ISNUMBER($B$4),$B$4>=1,$B$4<=25,MOD($B$4,1)=0),IF(INDEX(Registro!I8:I507,($B$4-1)*20+8)=0,"",IF(INDEX(Registro!C8:C507,($B$4-1)*20+8)="","",INDEX(Registro!C8:C507,($B$4-1)*20+8))),"Revisa página") | D15: =IF(AND(ISNUMBER($B$4),$B$4>=1,$B$4<=25,MOD($B$4,1)=0),IF(INDEX(Registro!I8:I507,($B$4-1)*20+8)=0,"",IF(INDEX(Registro!D8:D507,($B$4-1)*20+8)="","",INDEX(Registro!D8:D507,($B$4-1)*20+8))),"Revisa página") | E15: =IF(AND(ISNUMBER($B$4),$B$4>=1,$B$4<=25,MOD($B$4,1)=0),IF(INDEX(Registro!I8:I507,($B$4-1)*20+8)=0,"",IF(INDEX(Registro!E8:E507,($B$4-1)*20+8)="","",INDEX(Registro!E8:E507,($B$4-1)*20+8))),"Revisa página") | F15: =IF(AND(ISNUMBER($B$4),$B$4>=1,$B$4<=25,MOD($B$4,1)=0),IF(INDEX(Registro!I8:I507,($B$4-1)*20+8)=0,"",IF(INDEX(Registro!F8:F507,($B$4-1)*20+8)="","",INDEX(Registro!F8:F507,($B$4-1)*20+8))),"Revisa página") | G15: =IF(AND(ISNUMBER($B$4),$B$4>=1,$B$4<=25,MOD($B$4,1)=0),IF(INDEX(Registro!I8:I507,($B$4-1)*20+8)=0,"",IF(INDEX(Registro!G8:G507,($B$4-1)*20+8)="","",INDEX(Registro!G8:G507,($B$4-1)*20+8))),"Revisa página") | H15: =IF(AND(ISNUMBER($B$4),$B$4>=1,$B$4<=25,MOD($B$4,1)=0),IF(INDEX(Registro!I8:I507,($B$4-1)*20+8)=0,"",IF(INDEX(Registro!H8:H507,($B$4-1)*20+8)="","",INDEX(Registro!H8:H507,($B$4-1)*20+8))),"Revisa página")
A16: =IF(AND(ISNUMBER($B$4),$B$4>=1,$B$4<=25,MOD($B$4,1)=0),IF(INDEX(Registro!I8:I507,($B$4-1)*20+9)=0,"",IF(INDEX(Registro!A8:A507,($B$4-1)*20+9)="","",INDEX(Registro!A8:A507,($B$4-1)*20+9))),"Revisa página") | B16: =IF(AND(ISNUMBER($B$4),$B$4>=1,$B$4<=25,MOD($B$4,1)=0),IF(INDEX(Registro!I8:I507,($B$4-1)*20+9)=0,"",IF(INDEX(Registro!B8:B507,($B$4-1)*20+9)="","",INDEX(Registro!B8:B507,($B$4-1)*20+9))),"Revisa página") | C16: =IF(AND(ISNUMBER($B$4),$B$4>=1,$B$4<=25,MOD($B$4,1)=0),IF(INDEX(Registro!I8:I507,($B$4-1)*20+9)=0,"",IF(INDEX(Registro!C8:C507,($B$4-1)*20+9)="","",INDEX(Registro!C8:C507,($B$4-1)*20+9))),"Revisa página") | D16: =IF(AND(ISNUMBER($B$4),$B$4>=1,$B$4<=25,MOD($B$4,1)=0),IF(INDEX(Registro!I8:I507,($B$4-1)*20+9)=0,"",IF(INDEX(Registro!D8:D507,($B$4-1)*20+9)="","",INDEX(Registro!D8:D507,($B$4-1)*20+9))),"Revisa página") | E16: =IF(AND(ISNUMBER($B$4),$B$4>=1,$B$4<=25,MOD($B$4,1)=0),IF(INDEX(Registro!I8:I507,($B$4-1)*20+9)=0,"",IF(INDEX(Registro!E8:E507,($B$4-1)*20+9)="","",INDEX(Registro!E8:E507,($B$4-1)*20+9))),"Revisa página") | F16: =IF(AND(ISNUMBER($B$4),$B$4>=1,$B$4<=25,MOD($B$4,1)=0),IF(INDEX(Registro!I8:I507,($B$4-1)*20+9)=0,"",IF(INDEX(Registro!F8:F507,($B$4-1)*20+9)="","",INDEX(Registro!F8:F507,($B$4-1)*20+9))),"Revisa página") | G16: =IF(AND(ISNUMBER($B$4),$B$4>=1,$B$4<=25,MOD($B$4,1)=0),IF(INDEX(Registro!I8:I507,($B$4-1)*20+9)=0,"",IF(INDEX(Registro!G8:G507,($B$4-1)*20+9)="","",INDEX(Registro!G8:G507,($B$4-1)*20+9))),"Revisa página") | H16: =IF(AND(ISNUMBER($B$4),$B$4>=1,$B$4<=25,MOD($B$4,1)=0),IF(INDEX(Registro!I8:I507,($B$4-1)*20+9)=0,"",IF(INDEX(Registro!H8:H507,($B$4-1)*20+9)="","",INDEX(Registro!H8:H507,($B$4-1)*20+9))),"Revisa página")
A17: =IF(AND(ISNUMBER($B$4),$B$4>=1,$B$4<=25,MOD($B$4,1)=0),IF(INDEX(Registro!I8:I507,($B$4-1)*20+10)=0,"",IF(INDEX(Registro!A8:A507,($B$4-1)*20+10)="","",INDEX(Registro!A8:A507,($B$4-1)*20+10))),"Revisa página") | B17: =IF(AND(ISNUMBER($B$4),$B$4>=1,$B$4<=25,MOD($B$4,1)=0),IF(INDEX(Registro!I8:I507,($B$4-1)*20+10)=0,"",IF(INDEX(Registro!B8:B507,($B$4-1)*20+10)="","",INDEX(Registro!B8:B507,($B$4-1)*20+10))),"Revisa página") | C17: =IF(AND(ISNUMBER($B$4),$B$4>=1,$B$4<=25,MOD($B$4,1)=0),IF(INDEX(Registro!I8:I507,($B$4-1)*20+10)=0,"",IF(INDEX(Registro!C8:C507,($B$4-1)*20+10)="","",INDEX(Registro!C8:C507,($B$4-1)*20+10))),"Revisa página") | D17: =IF(AND(ISNUMBER($B$4),$B$4>=1,$B$4<=25,MOD($B$4,1)=0),IF(INDEX(Registro!I8:I507,($B$4-1)*20+10)=0,"",IF(INDEX(Registro!D8:D507,($B$4-1)*20+10)="","",INDEX(Registro!D8:D507,($B$4-1)*20+10))),"Revisa página") | E17: =IF(AND(ISNUMBER($B$4),$B$4>=1,$B$4<=25,MOD($B$4,1)=0),IF(INDEX(Registro!I8:I507,($B$4-1)*20+10)=0,"",IF(INDEX(Registro!E8:E507,($B$4-1)*20+10)="","",INDEX(Registro!E8:E507,($B$4-1)*20+10))),"Revisa página") | F17: =IF(AND(ISNUMBER($B$4),$B$4>=1,$B$4<=25,MOD($B$4,1)=0),IF(INDEX(Registro!I8:I507,($B$4-1)*20+10)=0,"",IF(INDEX(Registro!F8:F507,($B$4-1)*20+10)="","",INDEX(Registro!F8:F507,($B$4-1)*20+10))),"Revisa página") | G17: =IF(AND(ISNUMBER($B$4),$B$4>=1,$B$4<=25,MOD($B$4,1)=0),IF(INDEX(Registro!I8:I507,($B$4-1)*20+10)=0,"",IF(INDEX(Registro!G8:G507,($B$4-1)*20+10)="","",INDEX(Registro!G8:G507,($B$4-1)*20+10))),"Revisa página") | H17: =IF(AND(ISNUMBER($B$4),$B$4>=1,$B$4<=25,MOD($B$4,1)=0),IF(INDEX(Registro!I8:I507,($B$4-1)*20+10)=0,"",IF(INDEX(Registro!H8:H507,($B$4-1)*20+10)="","",INDEX(Registro!H8:H507,($B$4-1)*20+10))),"Revisa página")
A18: =IF(AND(ISNUMBER($B$4),$B$4>=1,$B$4<=25,MOD($B$4,1)=0),IF(INDEX(Registro!I8:I507,($B$4-1)*20+11)=0,"",IF(INDEX(Registro!A8:A507,($B$4-1)*20+11)="","",INDEX(Registro!A8:A507,($B$4-1)*20+11))),"Revisa página") | B18: =IF(AND(ISNUMBER($B$4),$B$4>=1,$B$4<=25,MOD($B$4,1)=0),IF(INDEX(Registro!I8:I507,($B$4-1)*20+11)=0,"",IF(INDEX(Registro!B8:B507,($B$4-1)*20+11)="","",INDEX(Registro!B8:B507,($B$4-1)*20+11))),"Revisa página") | C18: =IF(AND(ISNUMBER($B$4),$B$4>=1,$B$4<=25,MOD($B$4,1)=0),IF(INDEX(Registro!I8:I507,($B$4-1)*20+11)=0,"",IF(INDEX(Registro!C8:C507,($B$4-1)*20+11)="","",INDEX(Registro!C8:C507,($B$4-1)*20+11))),"Revisa página") | D18: =IF(AND(ISNUMBER($B$4),$B$4>=1,$B$4<=25,MOD($B$4,1)=0),IF(INDEX(Registro!I8:I507,($B$4-1)*20+11)=0,"",IF(INDEX(Registro!D8:D507,($B$4-1)*20+11)="","",INDEX(Registro!D8:D507,($B$4-1)*20+11))),"Revisa página") | E18: =IF(AND(ISNUMBER($B$4),$B$4>=1,$B$4<=25,MOD($B$4,1)=0),IF(INDEX(Registro!I8:I507,($B$4-1)*20+11)=0,"",IF(INDEX(Registro!E8:E507,($B$4-1)*20+11)="","",INDEX(Registro!E8:E507,($B$4-1)*20+11))),"Revisa página") | F18: =IF(AND(ISNUMBER($B$4),$B$4>=1,$B$4<=25,MOD($B$4,1)=0),IF(INDEX(Registro!I8:I507,($B$4-1)*20+11)=0,"",IF(INDEX(Registro!F8:F507,($B$4-1)*20+11)="","",INDEX(Registro!F8:F507,($B$4-1)*20+11))),"Revisa página") | G18: =IF(AND(ISNUMBER($B$4),$B$4>=1,$B$4<=25,MOD($B$4,1)=0),IF(INDEX(Registro!I8:I507,($B$4-1)*20+11)=0,"",IF(INDEX(Registro!G8:G507,($B$4-1)*20+11)="","",INDEX(Registro!G8:G507,($B$4-1)*20+11))),"Revisa página") | H18: =IF(AND(ISNUMBER($B$4),$B$4>=1,$B$4<=25,MOD($B$4,1)=0),IF(INDEX(Registro!I8:I507,($B$4-1)*20+11)=0,"",IF(INDEX(Registro!H8:H507,($B$4-1)*20+11)="","",INDEX(Registro!H8:H507,($B$4-1)*20+11))),"Revisa página")
A19: =IF(AND(ISNUMBER($B$4),$B$4>=1,$B$4<=25,MOD($B$4,1)=0),IF(INDEX(Registro!I8:I507,($B$4-1)*20+12)=0,"",IF(INDEX(Registro!A8:A507,($B$4-1)*20+12)="","",INDEX(Registro!A8:A507,($B$4-1)*20+12))),"Revisa página") | B19: =IF(AND(ISNUMBER($B$4),$B$4>=1,$B$4<=25,MOD($B$4,1)=0),IF(INDEX(Registro!I8:I507,($B$4-1)*20+12)=0,"",IF(INDEX(Registro!B8:B507,($B$4-1)*20+12)="","",INDEX(Registro!B8:B507,($B$4-1)*20+12))),"Revisa página") | C19: =IF(AND(ISNUMBER($B$4),$B$4>=1,$B$4<=25,MOD($B$4,1)=0),IF(INDEX(Registro!I8:I507,($B$4-1)*20+12)=0,"",IF(INDEX(Registro!C8:C507,($B$4-1)*20+12)="","",INDEX(Registro!C8:C507,($B$4-1)*20+12))),"Revisa página") | D19: =IF(AND(ISNUMBER($B$4),$B$4>=1,$B$4<=25,MOD($B$4,1)=0),IF(INDEX(Registro!I8:I507,($B$4-1)*20+12)=0,"",IF(INDEX(Registro!D8:D507,($B$4-1)*20+12)="","",INDEX(Registro!D8:D507,($B$4-1)*20+12))),"Revisa página") | E19: =IF(AND(ISNUMBER($B$4),$B$4>=1,$B$4<=25,MOD($B$4,1)=0),IF(INDEX(Registro!I8:I507,($B$4-1)*20+12)=0,"",IF(INDEX(Registro!E8:E507,($B$4-1)*20+12)="","",INDEX(Registro!E8:E507,($B$4-1)*20+12))),"Revisa página") | F19: =IF(AND(ISNUMBER($B$4),$B$4>=1,$B$4<=25,MOD($B$4,1)=0),IF(INDEX(Registro!I8:I507,($B$4-1)*20+12)=0,"",IF(INDEX(Registro!F8:F507,($B$4-1)*20+12)="","",INDEX(Registro!F8:F507,($B$4-1)*20+12))),"Revisa página") | G19: =IF(AND(ISNUMBER($B$4),$B$4>=1,$B$4<=25,MOD($B$4,1)=0),IF(INDEX(Registro!I8:I507,($B$4-1)*20+12)=0,"",IF(INDEX(Registro!G8:G507,($B$4-1)*20+12)="","",INDEX(Registro!G8:G507,($B$4-1)*20+12))),"Revisa página") | H19: =IF(AND(ISNUMBER($B$4),$B$4>=1,$B$4<=25,MOD($B$4,1)=0),IF(INDEX(Registro!I8:I507,($B$4-1)*20+12)=0,"",IF(INDEX(Registro!H8:H507,($B$4-1)*20+12)="","",INDEX(Registro!H8:H507,($B$4-1)*20+12))),"Revisa página")
A20: =IF(AND(ISNUMBER($B$4),$B$4>=1,$B$4<=25,MOD($B$4,1)=0),IF(INDEX(Registro!I8:I507,($B$4-1)*20+13)=0,"",IF(INDEX(Registro!A8:A507,($B$4-1)*20+13)="","",INDEX(Registro!A8:A507,($B$4-1)*20+13))),"Revisa página") | B20: =IF(AND(ISNUMBER($B$4),$B$4>=1,$B$4<=25,MOD($B$4,1)=0),IF(INDEX(Registro!I8:I507,($B$4-1)*20+13)=0,"",IF(INDEX(Registro!B8:B507,($B$4-1)*20+13)="","",INDEX(Registro!B8:B507,($B$4-1)*20+13))),"Revisa página") | C20: =IF(AND(ISNUMBER($B$4),$B$4>=1,$B$4<=25,MOD($B$4,1)=0),IF(INDEX(Registro!I8:I507,($B$4-1)*20+13)=0,"",IF(INDEX(Registro!C8:C507,($B$4-1)*20+13)="","",INDEX(Registro!C8:C507,($B$4-1)*20+13))),"Revisa página") | D20: =IF(AND(ISNUMBER($B$4),$B$4>=1,$B$4<=25,MOD($B$4,1)=0),IF(INDEX(Registro!I8:I507,($B$4-1)*20+13)=0,"",IF(INDEX(Registro!D8:D507,($B$4-1)*20+13)="","",INDEX(Registro!D8:D507,($B$4-1)*20+13))),"Revisa página") | E20: =IF(AND(ISNUMBER($B$4),$B$4>=1,$B$4<=25,MOD($B$4,1)=0),IF(INDEX(Registro!I8:I507,($B$4-1)*20+13)=0,"",IF(INDEX(Registro!E8:E507,($B$4-1)*20+13)="","",INDEX(Registro!E8:E507,($B$4-1)*20+13))),"Revisa página") | F20: =IF(AND(ISNUMBER($B$4),$B$4>=1,$B$4<=25,MOD($B$4,1)=0),IF(INDEX(Registro!I8:I507,($B$4-1)*20+13)=0,"",IF(INDEX(Registro!F8:F507,($B$4-1)*20+13)="","",INDEX(Registro!F8:F507,($B$4-1)*20+13))),"Revisa página") | G20: =IF(AND(ISNUMBER($B$4),$B$4>=1,$B$4<=25,MOD($B$4,1)=0),IF(INDEX(Registro!I8:I507,($B$4-1)*20+13)=0,"",IF(INDEX(Registro!G8:G507,($B$4-1)*20+13)="","",INDEX(Registro!G8:G507,($B$4-1)*20+13))),"Revisa página") | H20: =IF(AND(ISNUMBER($B$4),$B$4>=1,$B$4<=25,MOD($B$4,1)=0),IF(INDEX(Registro!I8:I507,($B$4-1)*20+13)=0,"",IF(INDEX(Registro!H8:H507,($B$4-1)*20+13)="","",INDEX(Registro!H8:H507,($B$4-1)*20+13))),"Revisa página")
A21: =IF(AND(ISNUMBER($B$4),$B$4>=1,$B$4<=25,MOD($B$4,1)=0),IF(INDEX(Registro!I8:I507,($B$4-1)*20+14)=0,"",IF(INDEX(Registro!A8:A507,($B$4-1)*20+14)="","",INDEX(Registro!A8:A507,($B$4-1)*20+14))),"Revisa página") | B21: =IF(AND(ISNUMBER($B$4),$B$4>=1,$B$4<=25,MOD($B$4,1)=0),IF(INDEX(Registro!I8:I507,($B$4-1)*20+14)=0,"",IF(INDEX(Registro!B8:B507,($B$4-1)*20+14)="","",INDEX(Registro!B8:B507,($B$4-1)*20+14))),"Revisa página") | C21: =IF(AND(ISNUMBER($B$4),$B$4>=1,$B$4<=25,MOD($B$4,1)=0),IF(INDEX(Registro!I8:I507,($B$4-1)*20+14)=0,"",IF(INDEX(Registro!C8:C507,($B$4-1)*20+14)="","",INDEX(Registro!C8:C507,($B$4-1)*20+14))),"Revisa página") | D21: =IF(AND(ISNUMBER($B$4),$B$4>=1,$B$4<=25,MOD($B$4,1)=0),IF(INDEX(Registro!I8:I507,($B$4-1)*20+14)=0,"",IF(INDEX(Registro!D8:D507,($B$4-1)*20+14)="","",INDEX(Registro!D8:D507,($B$4-1)*20+14))),"Revisa página") | E21: =IF(AND(ISNUMBER($B$4),$B$4>=1,$B$4<=25,MOD($B$4,1)=0),IF(INDEX(Registro!I8:I507,($B$4-1)*20+14)=0,"",IF(INDEX(Registro!E8:E507,($B$4-1)*20+14)="","",INDEX(Registro!E8:E507,($B$4-1)*20+14))),"Revisa página") | F21: =IF(AND(ISNUMBER($B$4),$B$4>=1,$B$4<=25,MOD($B$4,1)=0),IF(INDEX(Registro!I8:I507,($B$4-1)*20+14)=0,"",IF(INDEX(Registro!F8:F507,($B$4-1)*20+14)="","",INDEX(Registro!F8:F507,($B$4-1)*20+14))),"Revisa página") | G21: =IF(AND(ISNUMBER($B$4),$B$4>=1,$B$4<=25,MOD($B$4,1)=0),IF(INDEX(Registro!I8:I507,($B$4-1)*20+14)=0,"",IF(INDEX(Registro!G8:G507,($B$4-1)*20+14)="","",INDEX(Registro!G8:G507,($B$4-1)*20+14))),"Revisa página") | H21: =IF(AND(ISNUMBER($B$4),$B$4>=1,$B$4<=25,MOD($B$4,1)=0),IF(INDEX(Registro!I8:I507,($B$4-1)*20+14)=0,"",IF(INDEX(Registro!H8:H507,($B$4-1)*20+14)="","",INDEX(Registro!H8:H507,($B$4-1)*20+14))),"Revisa página")
A22: =IF(AND(ISNUMBER($B$4),$B$4>=1,$B$4<=25,MOD($B$4,1)=0),IF(INDEX(Registro!I8:I507,($B$4-1)*20+15)=0,"",IF(INDEX(Registro!A8:A507,($B$4-1)*20+15)="","",INDEX(Registro!A8:A507,($B$4-1)*20+15))),"Revisa página") | B22: =IF(AND(ISNUMBER($B$4),$B$4>=1,$B$4<=25,MOD($B$4,1)=0),IF(INDEX(Registro!I8:I507,($B$4-1)*20+15)=0,"",IF(INDEX(Registro!B8:B507,($B$4-1)*20+15)="","",INDEX(Registro!B8:B507,($B$4-1)*20+15))),"Revisa página") | C22: =IF(AND(ISNUMBER($B$4),$B$4>=1,$B$4<=25,MOD($B$4,1)=0),IF(INDEX(Registro!I8:I507,($B$4-1)*20+15)=0,"",IF(INDEX(Registro!C8:C507,($B$4-1)*20+15)="","",INDEX(Registro!C8:C507,($B$4-1)*20+15))),"Revisa página") | D22: =IF(AND(ISNUMBER($B$4),$B$4>=1,$B$4<=25,MOD($B$4,1)=0),IF(INDEX(Registro!I8:I507,($B$4-1)*20+15)=0,"",IF(INDEX(Registro!D8:D507,($B$4-1)*20+15)="","",INDEX(Registro!D8:D507,($B$4-1)*20+15))),"Revisa página") | E22: =IF(AND(ISNUMBER($B$4),$B$4>=1,$B$4<=25,MOD($B$4,1)=0),IF(INDEX(Registro!I8:I507,($B$4-1)*20+15)=0,"",IF(INDEX(Registro!E8:E507,($B$4-1)*20+15)="","",INDEX(Registro!E8:E507,($B$4-1)*20+15))),"Revisa página") | F22: =IF(AND(ISNUMBER($B$4),$B$4>=1,$B$4<=25,MOD($B$4,1)=0),IF(INDEX(Registro!I8:I507,($B$4-1)*20+15)=0,"",IF(INDEX(Registro!F8:F507,($B$4-1)*20+15)="","",INDEX(Registro!F8:F507,($B$4-1)*20+15))),"Revisa página") | G22: =IF(AND(ISNUMBER($B$4),$B$4>=1,$B$4<=25,MOD($B$4,1)=0),IF(INDEX(Registro!I8:I507,($B$4-1)*20+15)=0,"",IF(INDEX(Registro!G8:G507,($B$4-1)*20+15)="","",INDEX(Registro!G8:G507,($B$4-1)*20+15))),"Revisa página") | H22: =IF(AND(ISNUMBER($B$4),$B$4>=1,$B$4<=25,MOD($B$4,1)=0),IF(INDEX(Registro!I8:I507,($B$4-1)*20+15)=0,"",IF(INDEX(Registro!H8:H507,($B$4-1)*20+15)="","",INDEX(Registro!H8:H507,($B$4-1)*20+15))),"Revisa página")
A23: =IF(AND(ISNUMBER($B$4),$B$4>=1,$B$4<=25,MOD($B$4,1)=0),IF(INDEX(Registro!I8:I507,($B$4-1)*20+16)=0,"",IF(INDEX(Registro!A8:A507,($B$4-1)*20+16)="","",INDEX(Registro!A8:A507,($B$4-1)*20+16))),"Revisa página") | B23: =IF(AND(ISNUMBER($B$4),$B$4>=1,$B$4<=25,MOD($B$4,1)=0),IF(INDEX(Registro!I8:I507,($B$4-1)*20+16)=0,"",IF(INDEX(Registro!B8:B507,($B$4-1)*20+16)="","",INDEX(Registro!B8:B507,($B$4-1)*20+16))),"Revisa página") | C23: =IF(AND(ISNUMBER($B$4),$B$4>=1,$B$4<=25,MOD($B$4,1)=0),IF(INDEX(Registro!I8:I507,($B$4-1)*20+16)=0,"",IF(INDEX(Registro!C8:C507,($B$4-1)*20+16)="","",INDEX(Registro!C8:C507,($B$4-1)*20+16))),"Revisa página") | D23: =IF(AND(ISNUMBER($B$4),$B$4>=1,$B$4<=25,MOD($B$4,1)=0),IF(INDEX(Registro!I8:I507,($B$4-1)*20+16)=0,"",IF(INDEX(Registro!D8:D507,($B$4-1)*20+16)="","",INDEX(Registro!D8:D507,($B$4-1)*20+16))),"Revisa página") | E23: =IF(AND(ISNUMBER($B$4),$B$4>=1,$B$4<=25,MOD($B$4,1)=0),IF(INDEX(Registro!I8:I507,($B$4-1)*20+16)=0,"",IF(INDEX(Registro!E8:E507,($B$4-1)*20+16)="","",INDEX(Registro!E8:E507,($B$4-1)*20+16))),"Revisa página") | F23: =IF(AND(ISNUMBER($B$4),$B$4>=1,$B$4<=25,MOD($B$4,1)=0),IF(INDEX(Registro!I8:I507,($B$4-1)*20+16)=0,"",IF(INDEX(Registro!F8:F507,($B$4-1)*20+16)="","",INDEX(Registro!F8:F507,($B$4-1)*20+16))),"Revisa página") | G23: =IF(AND(ISNUMBER($B$4),$B$4>=1,$B$4<=25,MOD($B$4,1)=0),IF(INDEX(Registro!I8:I507,($B$4-1)*20+16)=0,"",IF(INDEX(Registro!G8:G507,($B$4-1)*20+16)="","",INDEX(Registro!G8:G507,($B$4-1)*20+16))),"Revisa página") | H23: =IF(AND(ISNUMBER($B$4),$B$4>=1,$B$4<=25,MOD($B$4,1)=0),IF(INDEX(Registro!I8:I507,($B$4-1)*20+16)=0,"",IF(INDEX(Registro!H8:H507,($B$4-1)*20+16)="","",INDEX(Registro!H8:H507,($B$4-1)*20+16))),"Revisa página")
A24: =IF(AND(ISNUMBER($B$4),$B$4>=1,$B$4<=25,MOD($B$4,1)=0),IF(INDEX(Registro!I8:I507,($B$4-1)*20+17)=0,"",IF(INDEX(Registro!A8:A507,($B$4-1)*20+17)="","",INDEX(Registro!A8:A507,($B$4-1)*20+17))),"Revisa página") | B24: =IF(AND(ISNUMBER($B$4),$B$4>=1,$B$4<=25,MOD($B$4,1)=0),IF(INDEX(Registro!I8:I507,($B$4-1)*20+17)=0,"",IF(INDEX(Registro!B8:B507,($B$4-1)*20+17)="","",INDEX(Registro!B8:B507,($B$4-1)*20+17))),"Revisa página") | C24: =IF(AND(ISNUMBER($B$4),$B$4>=1,$B$4<=25,MOD($B$4,1)=0),IF(INDEX(Registro!I8:I507,($B$4-1)*20+17)=0,"",IF(INDEX(Registro!C8:C507,($B$4-1)*20+17)="","",INDEX(Registro!C8:C507,($B$4-1)*20+17))),"Revisa página") | D24: =IF(AND(ISNUMBER($B$4),$B$4>=1,$B$4<=25,MOD($B$4,1)=0),IF(INDEX(Registro!I8:I507,($B$4-1)*20+17)=0,"",IF(INDEX(Registro!D8:D507,($B$4-1)*20+17)="","",INDEX(Registro!D8:D507,($B$4-1)*20+17))),"Revisa página") | E24: =IF(AND(ISNUMBER($B$4),$B$4>=1,$B$4<=25,MOD($B$4,1)=0),IF(INDEX(Registro!I8:I507,($B$4-1)*20+17)=0,"",IF(INDEX(Registro!E8:E507,($B$4-1)*20+17)="","",INDEX(Registro!E8:E507,($B$4-1)*20+17))),"Revisa página") | F24: =IF(AND(ISNUMBER($B$4),$B$4>=1,$B$4<=25,MOD($B$4,1)=0),IF(INDEX(Registro!I8:I507,($B$4-1)*20+17)=0,"",IF(INDEX(Registro!F8:F507,($B$4-1)*20+17)="","",INDEX(Registro!F8:F507,($B$4-1)*20+17))),"Revisa página") | G24: =IF(AND(ISNUMBER($B$4),$B$4>=1,$B$4<=25,MOD($B$4,1)=0),IF(INDEX(Registro!I8:I507,($B$4-1)*20+17)=0,"",IF(INDEX(Registro!G8:G507,($B$4-1)*20+17)="","",INDEX(Registro!G8:G507,($B$4-1)*20+17))),"Revisa página") | H24: =IF(AND(ISNUMBER($B$4),$B$4>=1,$B$4<=25,MOD($B$4,1)=0),IF(INDEX(Registro!I8:I507,($B$4-1)*20+17)=0,"",IF(INDEX(Registro!H8:H507,($B$4-1)*20+17)="","",INDEX(Registro!H8:H507,($B$4-1)*20+17))),"Revisa página")
A25: =IF(AND(ISNUMBER($B$4),$B$4>=1,$B$4<=25,MOD($B$4,1)=0),IF(INDEX(Registro!I8:I507,($B$4-1)*20+18)=0,"",IF(INDEX(Registro!A8:A507,($B$4-1)*20+18)="","",INDEX(Registro!A8:A507,($B$4-1)*20+18))),"Revisa página") | B25: =IF(AND(ISNUMBER($B$4),$B$4>=1,$B$4<=25,MOD($B$4,1)=0),IF(INDEX(Registro!I8:I507,($B$4-1)*20+18)=0,"",IF(INDEX(Registro!B8:B507,($B$4-1)*20+18)="","",INDEX(Registro!B8:B507,($B$4-1)*20+18))),"Revisa página") | C25: =IF(AND(ISNUMBER($B$4),$B$4>=1,$B$4<=25,MOD($B$4,1)=0),IF(INDEX(Registro!I8:I507,($B$4-1)*20+18)=0,"",IF(INDEX(Registro!C8:C507,($B$4-1)*20+18)="","",INDEX(Registro!C8:C507,($B$4-1)*20+18))),"Revisa página") | D25: =IF(AND(ISNUMBER($B$4),$B$4>=1,$B$4<=25,MOD($B$4,1)=0),IF(INDEX(Registro!I8:I507,($B$4-1)*20+18)=0,"",IF(INDEX(Registro!D8:D507,($B$4-1)*20+18)="","",INDEX(Registro!D8:D507,($B$4-1)*20+18))),"Revisa página") | E25: =IF(AND(ISNUMBER($B$4),$B$4>=1,$B$4<=25,MOD($B$4,1)=0),IF(INDEX(Registro!I8:I507,($B$4-1)*20+18)=0,"",IF(INDEX(Registro!E8:E507,($B$4-1)*20+18)="","",INDEX(Registro!E8:E507,($B$4-1)*20+18))),"Revisa página") | F25: =IF(AND(ISNUMBER($B$4),$B$4>=1,$B$4<=25,MOD($B$4,1)=0),IF(INDEX(Registro!I8:I507,($B$4-1)*20+18)=0,"",IF(INDEX(Registro!F8:F507,($B$4-1)*20+18)="","",INDEX(Registro!F8:F507,($B$4-1)*20+18))),"Revisa página") | G25: =IF(AND(ISNUMBER($B$4),$B$4>=1,$B$4<=25,MOD($B$4,1)=0),IF(INDEX(Registro!I8:I507,($B$4-1)*20+18)=0,"",IF(INDEX(Registro!G8:G507,($B$4-1)*20+18)="","",INDEX(Registro!G8:G507,($B$4-1)*20+18))),"Revisa página") | H25: =IF(AND(ISNUMBER($B$4),$B$4>=1,$B$4<=25,MOD($B$4,1)=0),IF(INDEX(Registro!I8:I507,($B$4-1)*20+18)=0,"",IF(INDEX(Registro!H8:H507,($B$4-1)*20+18)="","",INDEX(Registro!H8:H507,($B$4-1)*20+18))),"Revisa página")
A26: =IF(AND(ISNUMBER($B$4),$B$4>=1,$B$4<=25,MOD($B$4,1)=0),IF(INDEX(Registro!I8:I507,($B$4-1)*20+19)=0,"",IF(INDEX(Registro!A8:A507,($B$4-1)*20+19)="","",INDEX(Registro!A8:A507,($B$4-1)*20+19))),"Revisa página") | B26: =IF(AND(ISNUMBER($B$4),$B$4>=1,$B$4<=25,MOD($B$4,1)=0),IF(INDEX(Registro!I8:I507,($B$4-1)*20+19)=0,"",IF(INDEX(Registro!B8:B507,($B$4-1)*20+19)="","",INDEX(Registro!B8:B507,($B$4-1)*20+19))),"Revisa página") | C26: =IF(AND(ISNUMBER($B$4),$B$4>=1,$B$4<=25,MOD($B$4,1)=0),IF(INDEX(Registro!I8:I507,($B$4-1)*20+19)=0,"",IF(INDEX(Registro!C8:C507,($B$4-1)*20+19)="","",INDEX(Registro!C8:C507,($B$4-1)*20+19))),"Revisa página") | D26: =IF(AND(ISNUMBER($B$4),$B$4>=1,$B$4<=25,MOD($B$4,1)=0),IF(INDEX(Registro!I8:I507,($B$4-1)*20+19)=0,"",IF(INDEX(Registro!D8:D507,($B$4-1)*20+19)="","",INDEX(Registro!D8:D507,($B$4-1)*20+19))),"Revisa página") | E26: =IF(AND(ISNUMBER($B$4),$B$4>=1,$B$4<=25,MOD($B$4,1)=0),IF(INDEX(Registro!I8:I507,($B$4-1)*20+19)=0,"",IF(INDEX(Registro!E8:E507,($B$4-1)*20+19)="","",INDEX(Registro!E8:E507,($B$4-1)*20+19))),"Revisa página") | F26: =IF(AND(ISNUMBER($B$4),$B$4>=1,$B$4<=25,MOD($B$4,1)=0),IF(INDEX(Registro!I8:I507,($B$4-1)*20+19)=0,"",IF(INDEX(Registro!F8:F507,($B$4-1)*20+19)="","",INDEX(Registro!F8:F507,($B$4-1)*20+19))),"Revisa página") | G26: =IF(AND(ISNUMBER($B$4),$B$4>=1,$B$4<=25,MOD($B$4,1)=0),IF(INDEX(Registro!I8:I507,($B$4-1)*20+19)=0,"",IF(INDEX(Registro!G8:G507,($B$4-1)*20+19)="","",INDEX(Registro!G8:G507,($B$4-1)*20+19))),"Revisa página") | H26: =IF(AND(ISNUMBER($B$4),$B$4>=1,$B$4<=25,MOD($B$4,1)=0),IF(INDEX(Registro!I8:I507,($B$4-1)*20+19)=0,"",IF(INDEX(Registro!H8:H507,($B$4-1)*20+19)="","",INDEX(Registro!H8:H507,($B$4-1)*20+19))),"Revisa página")
A27: =IF(AND(ISNUMBER($B$4),$B$4>=1,$B$4<=25,MOD($B$4,1)=0),IF(INDEX(Registro!I8:I507,($B$4-1)*20+20)=0,"",IF(INDEX(Registro!A8:A507,($B$4-1)*20+20)="","",INDEX(Registro!A8:A507,($B$4-1)*20+20))),"Revisa página") | B27: =IF(AND(ISNUMBER($B$4),$B$4>=1,$B$4<=25,MOD($B$4,1)=0),IF(INDEX(Registro!I8:I507,($B$4-1)*20+20)=0,"",IF(INDEX(Registro!B8:B507,($B$4-1)*20+20)="","",INDEX(Registro!B8:B507,($B$4-1)*20+20))),"Revisa página") | C27: =IF(AND(ISNUMBER($B$4),$B$4>=1,$B$4<=25,MOD($B$4,1)=0),IF(INDEX(Registro!I8:I507,($B$4-1)*20+20)=0,"",IF(INDEX(Registro!C8:C507,($B$4-1)*20+20)="","",INDEX(Registro!C8:C507,($B$4-1)*20+20))),"Revisa página") | D27: =IF(AND(ISNUMBER($B$4),$B$4>=1,$B$4<=25,MOD($B$4,1)=0),IF(INDEX(Registro!I8:I507,($B$4-1)*20+20)=0,"",IF(INDEX(Registro!D8:D507,($B$4-1)*20+20)="","",INDEX(Registro!D8:D507,($B$4-1)*20+20))),"Revisa página") | E27: =IF(AND(ISNUMBER($B$4),$B$4>=1,$B$4<=25,MOD($B$4,1)=0),IF(INDEX(Registro!I8:I507,($B$4-1)*20+20)=0,"",IF(INDEX(Registro!E8:E507,($B$4-1)*20+20)="","",INDEX(Registro!E8:E507,($B$4-1)*20+20))),"Revisa página") | F27: =IF(AND(ISNUMBER($B$4),$B$4>=1,$B$4<=25,MOD($B$4,1)=0),IF(INDEX(Registro!I8:I507,($B$4-1)*20+20)=0,"",IF(INDEX(Registro!F8:F507,($B$4-1)*20+20)="","",INDEX(Registro!F8:F507,($B$4-1)*20+20))),"Revisa página") | G27: =IF(AND(ISNUMBER($B$4),$B$4>=1,$B$4<=25,MOD($B$4,1)=0),IF(INDEX(Registro!I8:I507,($B$4-1)*20+20)=0,"",IF(INDEX(Registro!G8:G507,($B$4-1)*20+20)="","",INDEX(Registro!G8:G507,($B$4-1)*20+20))),"Revisa página") | H27: =IF(AND(ISNUMBER($B$4),$B$4>=1,$B$4<=25,MOD($B$4,1)=0),IF(INDEX(Registro!I8:I507,($B$4-1)*20+20)=0,"",IF(INDEX(Registro!H8:H507,($B$4-1)*20+20)="","",INDEX(Registro!H8:H507,($B$4-1)*20+20))),"Revisa página")
